Workbook

Sheet Working
B1: Body Area | C1: Body Area Modified | E1: System | F1: System Modified | H1: Condition | I1: Condition Modified | K1: Sample Size | L1: Y/N | M1: Size | O1: Intended User (free text) | P1: Y/NIntended User (free text) Modified | U1: Risk Level
B2: head, body, or extremities | C2: head, body, or extremities | E2: breast | F2: breast | H2: Type 1 diabetes | I2: Type 1 diabetes | K2: 1 | L2: Y | M2: 1 | O2: qualified, trained radiation therapy professionals (such as medical physicists, oncologists, and dosimetrists) | P2: qualified, trained radiation therapy professionals (such as medical physicists, oncologists, and dosimetrists) | U2: NA | V2: No
B3: Abdomen | C3: Abdomen | E3: brest | F3: breast | H3: acceptance,transfer, storage, image display, manipulation, quantification and reporting of digital medical images | I3: acceptance,transfer, storage, image display, manipulation, quantification and reporting of digital medical images | K3: 10 subject datasets for developmental testing; 34 subjects for validation testing | L3: Y | M3: 10 | O3: Adults 22 or older | P3: Adults 22 or older | U3: NA | V3: No
B4: All | C4: All | E4: cardio-respiratory | F4: cardio-respiratory | H4: Acute intracranial hemorrhage | I4: Acute intracranial hemorrhage | K4: 10 subjects in pilot phase, 120 subjects in main pivotal study | L4: Y | M4: 10 | O4: Adults and /or transitional adults 18 or older | P4: Adults and transitioning adults 18 or older | U4: NA | V4: No
B5: Arteries and veins | C5: All | E5: Cardiovascular | F5: Cardiovascular | H5: Amyloid, etc | I5: Amyloid, etc | K5: 10 users | L5: Y | M5: 10 | O5: Adults and transitioning adults 18 or older | P5: Adults and transitioning adults 18 or older | U5: NA | V5: No
B6: Biliary system | C6: Biliary system | E6: cardiovascular | F6: Cardiovascular | H6: Analysis of Clinical Data | I6: Analysis of Clinical Data | K6: 12 | L6: Y | M6: 12 | O6: Appropriately trained medical specialists who are qualified to interpret chest radiographs. | P6: Appropriately trained medical specialists who are qualified to interpret chest radiographs. | U6: NA | V6: No
B7: Bladder | C7: Bladder | E7: Cardiovascular/Respiratory | F7: Cardiovascular | H7: Analysis Of Digital Breast Tomosynthesis (DBT) Mammograms | I7: Analysis Of Digital Breast Tomosynthesis (DBT) Mammograms | K7: 15 | L7: Y | M7: 15 | O7: authorized healthcare professionals. | P7: authorized healthcare professionals. | U7: NA | V7: No
B8: bladder | C8: Bladder | E8: chest | F8: chest | H8: Analyzing previously acquired Electrocardiogram | I8: Analyzing previously acquired Electrocardiogram | K8: 18 subjects | L8: Y | M8: 18 | O8: Board licensed Dentists | P8: Board licensed Dentists | U8: NA | V8: No
B9: Blood | C9: Blood | E9: Circulatory | F9: Circulatory | H9: arrhythmia | I9: arrhythmia | K9: 21 patients | L9: Y | M9: 21 | O9: Clinician | P9: clinician | U9: NA | V9: No
B10: Blood vessels | C10: Blood vessels | E10: Dental | F10: Dental | H10: Arrhythmia | I10: arrhythmia | K10: 24 clinical readers and 238 cases | L10: Y | M10: 24 | O10: clinician | P10: clinician | U10: NA | V10: No
B11: Body Area | C11: Body Area | E11: Digestive | F11: Digestive | H11: Arrhythmias | I11: arrhythmia | K11: 25 adult subjects | L11: Y | M11: 25 | O11: Clinicians | P11: clinician | U11: NA | V11: No
B12: Body fluid samples | C12: Body fluids | E12: Digestive/Urinary | F12: Digestive | H12: Arrythmia and heart conditions | I12: Arrythmia and heart conditions | K12: 39 | L12: Y | M12: 39 | O12: clinicians | P12: clinician | U12: Moderate level | V12: Yes
B13: Body fluids | C13: Body fluids | E13: Endocrine | F13: Endocrine | H13: arrythmias | I13: arrhythmia | K13: 44 participants | L13: Y | M13: 44 | O13: clinicians in various settings including primary care (e.g., family practice, internal medicine), emergency medicine, urgent care, and specialty care (e.g., orthopedics), as well as radiologists who review radiographs across settings. | P13: clinician | U13: NA | V13: No
B14: Body fluids such as cerebrospinal and serous fluid; Peripheral blood | C14: Body fluids | E14: Hematological | F14: Hematological | H14: atrial fib | I14: Atrial Fibrillation | K14: 45 exams | L14: Y | M14: 45 | O14: Clinicians, Med Lab Scientists | P14: clinician | U14: Moderate level | V14: Yes
B15: Bone | C15: Bone | E15: Lymphatic | F15: Lymphatic | H15: Atrial Fibrillation | I15: Atrial Fibrillation | K15: 47 | L15: Y | M15: 47 | O15: Clnicians | P15: clinician | U15: NA | V15: No
B16: Bones | C16: Bone | E16: mammary glands | F16: mammary glands | H16: atrial fibrillation | I16: Atrial Fibrillation | K16: 50 | L16: Y | M16: 50 | O16: Designed to be used by trained clinicians | P16: clinician | U16: NA | V16: No
B17: Bones and jointss | C17: Bone | E17: Microbiology | F17: Microbiology | H17: Atrial fibrillation | I17: Atrial Fibrillation | K17: 60 | L17: Y | M17: 60 | O17: Dosimetrists, Medical Physicists, and Radiation Oncologists | P17: Dosimetrists, Medical Physicists, and Radiation Oncologists | U17: NA | V17: No
B18: Brain | C18: Brain | E18: Multiple | F18: Multiple systems | H18: Autism spectrum disorder | I18: Autism spectrum disorder | K18: 60 cases | L18: Y | M18: 60 | O18: Endoscopists | P18: Endoscopists | U18: NA | V18: No
B19: brain | C19: Brain | E19: Multiple systems | F19: Multiple systems | H19: automatic labeling, spatial measurement, and volumetric quantification ofbrain structures | I19: automatic labeling, spatial measurement, and volumetric quantification ofbrain structures | K19: 81 | L19: Y | M19: 81 | O19: Health care professional | P19: Health care professional | U19: Moderate level | V19: Yes
B20: brain | C20: Brain | E20: Multisystem | F20: Multiple systems | H20: Automatic labeling, visualization, and volumetric quantification of segmentable brain structures from a set of magnetic resonance (MR) images | I20: Automatic labeling, visualization, and volumetric quantification of segmentable brain structures from a set of magnetic resonance (MR) images | K20: 89 Subjects | L20: Y | M20: 89 | O20: health professional | P20: Health care professional | U20: None | V20: No
B21: Brain | C21: Brain | E21: MusculoSkeletal | F21: MusculoSkeletal | H21: Biometric data capture | I21: Biometric data capture | K21: 101 subjects | L21: Y | M21: 101 | O21: healthcare practitioners (e.g., doctors, nurses, sonographers) who are trained in the use of ultrasound imaging technology | P21: Health care professional | U21: None | V21: No
B22: Brain [CT] | C22: Brain | E22: Nervous | F22: Nervous | H22: Blood constuition analysis | I22: Blood constuition analysis | K22: 113 | L22: Y | M22: 113 | O22: Healthcare professionals | P22: Health care professional | U22: None | V22: No
B23: Brain imaging | C23: Brain | E23: Neurology | F23: Neurology | H23: Bone disease | I23: Bone disease | K23: 116 cases and 238 tumours | L23: Y | M23: 116 | O23: Healthcare professionals and researchers | P23: Health care professional | U23: None | V23: No
B24: Brain, Spine, Knee, Ankle, Shoulder and Hip | C24: Brain, Spine, Knee, Ankle, Shoulder and Hip | E24: Oncology | F24: Oncology | H24: Braest tumors | I24: Braest tumors | K24: 133 cases | L24: Y | M24: 133 | O24: Healthcare professionals, adult patients (22 years or older) with known or suspected heart conditions, and health conscious individuals | P24: Health care professional | U24: None | V24: No
B25: Breast | C25: Breast | E25: opththalmology | F25: opththalmology | H25: Brain tumour | I25: Brain tumour | K25: 145 | L25: Y | M25: 145 | O25: healthcare professionals/surgeons | P25: Health care professional | U25: None | V25: No
B26: breast | C26: Breast | E26: Reproductive | F26: Reproductive | H26: Breast Cancer | I26: Breast Cancer | K26: 150 anonymized CT Scans | L26: Y | M26: 150 | O26: Healthcare provider licensed or authorized to perform auscultation | P26: Health care professional | U26: None | V26: No
B27: Breast | C27: Breast | E27: Respiratory | F27: Respiratory | H27: Breast cancer | I27: Breast Cancer | K27: 156 samples (89 CSF and 69 Blood Film) | L27: Y | M27: 156 | O27: healthcare providers | P27: Health care professional | U27: None | V27: No
B28: Breast US | C28: Breast | E28: Skeletal | F28: Skeletal | H28: breast composition categories | I28: breast composition categories | K28: 157 | L28: Y | M28: 157 | O28: Healthcare Providers and Researchers | P28: Health care professional | U28: None | V28: No
B29: Breast/ Thyroid US | C29: Breast | E29: skeletal | F29: Skeletal | H29: breast density assessment | I29: breast density assessment | K29: 159 cases | L29: Y | M29: 159 | O29: Home use | P29: Home use | U29: None | V29: No
B30: Breat | C30: Breast | E30: soft tissue | F30: soft tissue | H30: Breast diseases | I30: Breast diseases | K30: 184 | L30: Y | M30: 184 | O30: hospital networks and trained clinicians | P30: hospital networks and trained clinicians | U30: None | V30: No
B31: Brest | C31: Breast | E31: Urinary | F31: Urinary | H31: Breast lesions | I31: Breast lesions | K31: 18 radiologist readers; 185 cases (52 breast cancer, 133 without breast cancer) | L31: Y | M31: 185 | O31: Individuals at home | P31: Individuals at home | U31: None | V31: No
B32: cardiac | C32: cardiac | E32: Vascular | F32: Vascular | H32: Breast mass | I32: Breast mass | K32: 186 | L32: Y | M32: 186 | O32: Intended for use by qualified trained medical professionals for enhancement of MRI images that are transferred in the network in DICOM format. | P32: Intended for use by qualified trained medical professionals for enhancement of MRI images that are transferred in the network in DICOM format. | U32: None | V32: No
B33: Cardiac scanning | C33: cardiac | E33: whole body | F33: whole body | H33: Breast pathology | I33: Breast pathology | K33: 200 | L33: Y | M33: 200 | O33: Intended users include licensed qualified healthcare professionals (HCPs) trained to independently place and/or assess endotracheal tube placement and radiologists | P33: Intended users include licensed qualified healthcare professionals (HCPs) trained to independently place and/or assess endotracheal tube placement and radiologists | U33: None | V33: No
B34: Cardiology | C34: Cardiology | E34: Nervous | F34: Nervous | H34: Breast tissue disease | I34: Breast tissue disease | K34: 220 cases | L34: Y | M34: 220 | O34: Licensed Physicians | P34: Licensed Physicians | U34: None | V34: No
B35: Cardiothoracic | C35: Cardiothoracic | E35: Cardiovascular; Respiratory | F35: cardio-respiratory | H35: Calcified coronary lesions | I35: Calcified coronary lesions | K35: 220 biopsy locations (90 cancerous, 130 non-cancerous) and 150 cases (44 Normal; hence no biopsies) | L35: Y | M35: 221 | O35: Licensed Practitioners | P35: Licensed Practitioners | U35: None | V35: No
B36: cardiovascular | C36: cardiovascular | E36: Gastrointestinal | F36: Gastrointestinal | H36: Cancer | I36: Cancer | K36: 226 adult radiographs | L36: Y | M36: 226 | O36: MD | P36: MD | U36: None | V36: No
B37: Cervical spine | C37: Cervical spine | E37: Radiology | F37: Radiology | H37: CArdiac Abnormalities | I37: CArdiac Abnormalities | K37: 232 Cases | L37: Y | M37: 232 | O37: medical image processing library intended to produce derived data sets for use as input into radiation therapy treatmen | P37: medical image processing library intended to produce derived data sets for use as input into radiation therapy treatmen | U37: None | V37: No
B38: Cervix (for cervical cytology) | C38: Cervix (for cervical cytology) | E38: Urogenital | F38: Urogenital | H38: Cardiac Arrhythmia | I38: Cardiac Arrhythmia | K38: 240 | L38: Y | M38: 240 | O38: Medical Professional | P38: Medical Professional | U38: None | V38: No
B39: Chest | C39: Chest | E39: Opthamology | F39: opththalmology | H39: Cardiac arrythmias | I39: Cardiac Arrhythmia | K39: 244 Patients | L39: Y | M39: 244 | O39: medical professional | P39: Medical Professional | U39: None | V39: No
B40: chest | C40: Chest | E40: musculo-skeletal | F40: MusculoSkeletal | H40: Cardiac conditions | I40: Cardiac conditions | K40: 260 samples (62 CSF, 151 serous fluid, 47 synovial fluid) | L40: Y | M40: 260 | O40: medical professional | P40: Medical Professional | U40: None | V40: No
B41: Chest (CT image analysis) | C41: Chest | E41: Reproduction | F41: Reproductive | H41: Cardiac disease | I41: Cardiac disease | K41: 261 | L41: Y | M41: 261 | O41: medical professional who work with medical imaging | P41: Medical Professional | U41: None | V41: No
B42: Chest (to facilitate confirmation of line/tubes) | C42: Chest | E42: Orthopedics | F42: Orthopedics | H42: Cardiac function measurements | I42: Cardiac function measurements | K42: 276 participants | L42: Y | M42: 276 | O42: medical professionals | P42: Medical Professional | U42: None | V42: No
B43: Chest (X-ray post-imaging processing) | C43: Chest | E43: Intraoral | F43: Intraoral | H43: Cardiac Imaging | I43: Cardiac Imaging | K43: 300 | L43: Y | M43: 300 | O43: Medical professionals, including but not limited to surgeons, neurologists and radiologists | P43: Medical Professional | U43: None | V43: No
B44: Chest, Abdomen | C44: Chest, Abdomen | E44: Muscular | F44: Muscular | H44: cardiac symptoms | I44: cardiac symptoms | K44: 300 patients, 10-12 radiologists | L44: Y | M44: 300 | O44: Medical specialist | P44: Medical specialist | U44: Not stated | V44: Not stated
B45: Chest, leg, beneath the nose and just above the upper lip | C45: Chest, leg, beneath the nose and just above the upper lip | E45: Anaesthesiology | F45: Anaesthesiology | H45: Cardiac ultrasound measurements | I45: Cardiac ultrasound measurements | K45: 300 subjects | L45: Y | M45: 300 | O45: Medical trained professionals | P45: Medical trained professionals | U45: None | V45: No
B46: Colon | C46: Colon | E46: Cardiology | F46: Cardiology | H46: Cardiovascular Diagnostic Use | I46: Cardiovascular Diagnostic Use | K46: 304 specimens | L46: Y | M46: 304 | O46: N | P46: NA | U46: None | V46: No
B47: Colon (and urinary tract) | C47: Colon | E47: musculoskeletal system | F47: MusculoSkeletal | H47: Cardiovascular implant simulation software device | I47: Cardiovascular implant simulation software device | K47: 338 | L47: Y | M47: 338 | O47: NA | P47: NA | U47: None | V47: No
B48: Coronary artery | C48: Coronary artery | E48: Anatomy | F48: Anatomy | H48: cardiovascular status | I48: cardiovascular status | K48: 349 subjects | L48: Y | M48: 349 | O48: Neurologist | P48: Neurologist | U48: None | V48: No
B49: Cranium | C49: Cranium | E49: Sensory | F49: Sensory | H49: Central Pulmonary Embolism | I49: Central Pulmonary Embolism | K49: 364 | L49: Y | M49: 364 | O49: Patients | P49: Patients | U49: None | V49: No
B50: CT images post-image acquisition | C50: CT images post-image acquisition | E50: Multisystemic | F50: Multiple systems | H50: cerebral perfusion studies | I50: cerebral perfusion studies | K50: 369 non-contrast brain CT scans | L50: Y | M50: 369 | O50: patients | P50: Patients | U50: None | V50: No
B51: Dental | C51: Dental | E51: Nervous and musculoskeletal | F51: Nervous | H51: Cervical spine injury | I51: Cervical spine injury | K51: 375 | L51: Y | M51: 375 | O51: Physian | P51: physician | U51: None | V51: No
B52: Dentition | C52: Dentition | E52: Nervous and respiratory | F52: Nervous | H52: Chamber volumes and EFs | I52: Chamber volumes and EFs | K52: 378 | L52: Y | M52: 378 | O52: physician | P52: physician | U52: None | V52: No
B53: Embryos | C53: Embryos | E53: multisystemic | F53: Multiple systems | H53: Colonic mucosal lesions (e.g. polyps, adenomas) | I53: Colonic mucosal lesions (e.g. polyps, adenomas) | K53: 383 | L53: Y | M53: 383 | O53: Physician | P53: physician | U53: None | V53: No
B54: Esophagus | C54: Esophagus | H54: conditions requiring radiation therapy | I54: conditions requiring radiation therapy | K54: 383 adults | L54: Y | M54: 383 | O54: Physician, Clinical researcher | P54: physician | U54: None | V54: No
B55: Eye | C55: Eyes | H55: Coronary Artery Disease | I55: Coronary Artery Disease | K55: 387 | L55: Y | M55: 387 | O55: Physician, Nurse | P55: physician | U55: None | V55: No
B56: Eyes | C56: Eyes | H56: Coronary artery disease | I56: Coronary Artery Disease | K56: 388 | L56: Y | M56: 388 | O56: Physicians | P56: physician | U56: None | V56: No
B57: Fetal | C57: Fetal | H57: coronary artery disease | I57: Coronary Artery Disease | K57: 413 adults | L57: Y | M57: 413 | O57: physicians | P57: physician | U57: None | V57: No
B58: gastro/uro/angio | C58: gastro/uro/angio | H58: coronary artery disease. | I58: Coronary Artery Disease | K58: 427 | L58: Y | M58: 427 | O58: Physicians/Medical Professionals | P58: physician | U58: None | V58: No
B59: Gynaecology | C59: Gynaecology | H59: Coronary plaques and stenosis | I59: Coronary plaques and stenosis | K59: 462 samples | L59: Y | M59: 462 | O59: Physicias | P59: physician | U59: None | V59: No
B60: Head | C60: Head | H60: CT lung Cancer Screening | I60: CT lung Cancer Screening | K60: 480 | L60: Y | M60: 480 | O60: Point-of-care professional | P60: Point-of-care professional | U60: None | V60: No
B61: head | C61: Head | H61: Dementia | I61: Dementia | K61: 500 patients | L61: Y | M61: 500 | O61: qualified and trained healthcare professionals. | P61: Qualified and Trained Healthcare Providers | U61: None | V61: No
B62: Head | C62: Head | H62: Detection of Carious Lesions | I62: Detection of Carious Lesions | K62: 545 frozen specimens | L62: Y | M62: 545 | O62: Qualified and Trained Healthcare Providers | P62: Qualified and Trained Healthcare Providers | U62: None | V62: No
B63: Head , Neck, Thorax, Abdomen, Male Pelvis | C63: Head and neck, thorax, abdomen and pelvis | H63: Detection of Tooth Caries | I63: Detection of Tooth Caries | K63: 554 | L63: Y | M63: 554 | O63: Qualified cardiologists and primary care providers | P63: Qualified cardiologists and primary care providers | U63: None | V63: No
B64: Head and Neck | C64: Head and Neck | H64: Developmental Dysplasia of the Hip (DDH) | I64: Developmental Dysplasia of the Hip (DDH) | K64: 588 | L64: Y | M64: 588 | O64: Qualified Clinicians | P64: Qualified Clinicians | U64: None | V64: No
B65: Head and neck, thorax, abdomen and pelvis | C65: Head and neck, thorax, abdomen and pelvis | H65: Diabetic retinopathy | I65: Diabetic retinopathy | K65: 600 adults | L65: Y | M65: 600 | O65: Qualified clinicians | P65: Qualified Clinicians | U65: None | V65: No
B66: head and neck, thorax,pelvis, abdomen | C66: Head and neck, thorax, abdomen and pelvis | H66: diabetic retinopathy | I66: Diabetic retinopathy | K66: 600 echocardiographic studies; 421 studies from HFrEF and 179 from normal subjects | L66: Y | M66: 600 | O66: Qualified Health Care Professional | P66: Qualified Health Care Professional | U66: None | V66: No
B67: Head, Brain | C67: Head, Brain | H67: Diagnosis and Documentation of Pulmonary Tissue Images | I67: Diagnosis and Documentation of Pulmonary Tissue Images | K67: 611 | L67: Y | M67: 611 | O67: qualified health care professional | P67: Qualified Health Care Professional | U67: None | V67: No
B68: Head, Whole Body, Cardiac and Vascular System | C68: Head, Whole Body, Cardiac and Vascular System | H68: diagnositc ultrasound imaging | I68: diagnositc ultrasound imaging | K68: 615 unique subjects | L68: Y | M68: 615 | O68: Qualified Healthcare Professionals | P68: Qualified Health Care Professional | U68: None | V68: No
B69: head, whole body, cardiac, and vascular CT scans | C69: head, whole body, cardiac, and vascular CT scans | H69: diagnositc ultrasound imaging and fluid flow analysis | I69: diagnositc ultrasound imaging | K69: 645 | L69: Y | M69: 645 | O69: qualified healthcare professionals | P69: Qualified Health Care Professional | U69: None | V69: No
B70: Heart | C70: Heart | H70: Diagnostic Imaging Modality that produces Cross-sectional Images of the head and Body | I70: Diagnostic Imaging Modality that produces Cross-sectional Images of the head and Body | K70: The dataset included a total of 652 lesions, 314 benign and 338 malignant. | L70: Y | M70: 652 | O70: Qualified Interpreting Physicians | P70: Qualified Interpreting Physicians | U70: None | V70: No
B71: heart | C71: Heart | H71: Display and analysis of the human body and fluid | I71: Display and analysis of the human body and fluid | K71: 679 | L71: Y | M71: 679 | O71: qualified medical practitioner | P71: qualified medical practitioner | U71: NA | V71: No
B72: Heart (process already acquired echocardiographic images) | C72: Heart | H72: e detection of pulmonary nodules | I72: e detection of pulmonary nodules | K72: 694 | L72: Y | M72: 694 | O72: Qualified Technologist | P72: Qualified Technologist | U72: NA | V72: No
B73: Heart and its major vessels | C73: Heart | H73: Early ischemic brain tissue injury | I73: Early ischemic brain tissue injury | K73: 796 | L73: Y | M73: 796 | O73: Radiologist | P73: Radiologist | U73: None | V73: No
B74: Heart and Lungs | C74: Heart | H74: ECG | I74: ECG | K74: 804 | L74: Y | M74: 804 | O74: radiologist | P74: Radiologist | U74: NA | V74: No
B75: Heart, Lung, Abdomen, Peripheral vessels | C75: Heart | H75: EEG assessment aid | I75: EEG assessment aid | K75: 817 | L75: Y | M75: 817 | O75: radiologist | P75: Radiologist | U75: None | V75: No
B76: Heart, Lungs | C76: Heart | H76: Embryo assessment tool | I76: Embryo assessment tool | K76: 817 subjects | L76: Y | M76: 817 | O76: Radiologist, Physician | P76: Radiologist | U76: Moderate Level | V76: Yes
B77: Heart; Lungs; (Vital signs) | C77: Heart | H77: Endovascular diseases | I77: Endovascular diseases | K77: 850 participants | L77: Y | M77: 850 | O77: radiologists | P77: Radiologist | U77: None | V77: No
B78: Hepatology | C78: Hepatology | H78: evaluate excised tissue | I78: evaluate excised tissue | K78: 870 whole blood specimens | L78: Y | M78: 870 | O78: Radiologists | P78: Radiologist | U78: NA | V78: No
B79: Hip | C79: Hip | H79: Evaluation and Assessment of Musculoskeletal Disease of the Spine | I79: Evaluation and Assessment of Musculoskeletal Disease of the Spine | K79: 888 | L79: Y | M79: 888 | O79: Radiologists and Nuclear medicine physicians | P79: Radiologist | U79: NA | V79: No
B80: Idenitifcation of Gram-negative bacterial colonies cultured from human specimens | C80: Idenitifcation of Gram-negative bacterial colonies cultured from human specimens | H80: Evaluation of fixed peripheral blood smear | I80: Evaluation of fixed peripheral blood smear | K80: 900 | L80: Y | M80: 900 | O80: radiologists and pulmonologists | P80: Radiologist | U80: NA | V80: No
B81: Idenitifcation of microorganisms cultured from human specimens | C81: Idenitifcation of microorganisms cultured from human specimens | H81: Evaluation of MR Brain Images | I81: Evaluation of MR Brain Images | K81: 960 | L81: Y | M81: 960 | O81: Radiologists and Specialists | P81: Radiologist | U81: NA | V81: No
B82: Image analysis of Liver CT | C82: Image analysis of Liver CT | H82: Exo-Prosthetics | I82: Exo-Prosthetics | K82: 981 participants | L82: Y | M82: 981 | O82: skilled medical professionals | P82: skilled medical professionals | U82: NA | V82: No
B83: Image analysis software package add-on for evaluating CT and MR images of blood vessels | C83: Image analysis software package add-on for evaluating CT and MR images of blood vessels | H83: Eye disease | I83: Eye disease | K83: 1037 adults | L83: Y | M83: 1037 | O83: Tained medical professionals | P83: skilled medical professionals | U83: NA | V83: No
B84: intraoral/dental | C84: intraoral/dental | H84: Fatty Liver | I84: Fatty liver disease | K84: 1081 | L84: Y | M84: 1081 | O84: Technicians and Physicians | P84: Technicians and Physicians | U84: None | V84: No
B85: Kidney | C85: Kidney | H85: Fatty liver disease | I85: Fatty liver disease | K85: 1100 | L85: Y | M85: 1100 | O85: The system is to be used by trained professionals including, but not limited to, radiologists, orthopedics, physicians and medical technicians | P85: The system is to be used by trained professionals including, but not limited to, radiologists, orthopedics, physicians and medical technicians | U85: Moderate Level | V85: Yes
B86: KIdney | C86: Kidney | H86: fluid flow analysis | I86: fluid flow analysis | K86: 1149 | L86: Y | M86: 1149 | O86: Trained Dentists | P86: Trained Dentists | U86: None | V86: No
B87: Knee joint | C87: Knee joint | H87: fluid flow analysis | I87: fluid flow analysis | K87: 1154 | L87: Y | M87: 1154 | O87: Trained medical practitioner | P87: Trained medical practitioner | U87: None | V87: No
B88: Large Blood Vessels | C88: Large Blood Vessels | H88: Fluid management | I88: Fluid management | K88: 1204 cases which had majority decision on shape and 1227 lesions which had majority decision on orientation | L88: Y | M88: 1204 | O88: trained medical professional | P88: Trained medical professionals | U88: NA | V88: No
B89: Limbs | C89: Limbs | H89: Fluoroscopy | I89: Fluoroscopy | K89: 1245 | L89: Y | M89: 1245 | O89: Trained medical professional | P89: Trained medical professionals | U89: None | V89: No
B90: liver | C90: liver | H90: Fractures | I90: Fractures | K90: 1255 | L90: Y | M90: 1255 | O90: trained medical professionals | P90: Trained medical professionals | U90: None | V90: No
B91: Liver | C91: liver | H91: general physiology | I91: general physiology | K91: 1304 cases | L91: Y | M91: 1304 | O91: Trained medical professionals | P91: Trained medical professionals | U91: Moderate Level | V91: Yes
B92: Liver, blood | C92: Liver, blood | H92: general physiology data | I92: general physiology | K92: 1320 | L92: Y | M92: 1320 | O92: Trained Medical Specialists | P92: Trained Medical Specialists | U92: None | V92: No
B93: lower limbs | C93: lower limbs | H93: generic as well as spine related measurements on images to plan for surgeries | I93: generic as well as spine related measurements on images to plan for surgeries | K93: 2263 fresh and stored isolates | L93: Y | M93: 2263 | O93: Trained operator | P93: Trained operator | U93: None | V93: No
B94: Lung | C94: Lung | H94: Heart murmur | I94: Heart murmur | K94: 4500 | L94: Y | M94: 4500 | O94: Trained operator with a background in radiological anatomy, such as an MR radiographer/ MR technician | P94: Trained operator | U94: Stated | V94: Yes
B95: lung and head | C95: lung and head | H95: heart sound | I95: Heart Sounds | K95: 21603 | L95: Y | M95: 21603 | O95: trained physician (neurovascular or neurologist) | P95: Trained physicians | U95: None | V95: No
B96: Lungs | C96: Lungs | H96: Heart Sounds | I96: Heart Sounds | K96: 250K patients | L96: Y | M96: 250000 | O96: Trained physicians | P96: Trained physicians | U96: None | V96: No
B97: lungs | C97: Lungs | H97: heart ventricle and atrium evaluation | I97: heart ventricle and atrium evaluation | K97: N | L97: N | O97: trained physicians | P97: Trained physicians | U97: Moderate Level | V97: Yes
B98: Lungs [CT] | C98: Lungs | H98: Hematological disorders, iron overload | I98: Hematological disorders, iron overload | K98: n | L98: N | O98: trained professional | P98: trained professionals | U98: None | V98: No
B99: lymph nodes, from the axillary and pelvic regions | C99: lymph nodes, from the axillary and pelvic regions | H99: Hemodynamic instability | I99: Hemodynamic instability | K99: N (Clinical study not considered prior to release as technology is not new) | L99: N | O99: trained professionals | P99: trained professionals | U99: None | V99: No
B100: measure the degree of similarity between the RNA expression patterns in a patient’s formalin-fixed, paraffin-embedded (FFPE) tumor and the RNA expression patterns in a database of fifteen tumor types (poorly differentiated, undifferentiated and metastatic cases); bladder (BL), breast (BR), colorectal (CO), gastric (GA), testicular germ cell (GC), hepatocellular (LI), kidney (KI), non-small cell lung (LU), non-Hodgkin’s lymphoma (LY), melanoma (ME), ovarian (OV), pancreatic (PA), prostate (PR), sarcoma (SC), and thyroid (TH). | C100: RNA expression patterns in a database of fifteen tumor types | H100: hemodynamic instability. | I100: Hemodynamic instability | K100: N (Software validation and verification was performed which showed that the software performed as intended supporting substantial equivalence to the predicate devices) | L100: N | O100: trained professionals eg physicians, radiologists, nurses and medical technicians | P100: trained professionals | U100: None | V100: No
...

Sheet Analysis
B2: Analysis
O53: Socioeconomic = income level
O55: Demographic = anything outside Age, Race, Gender
O104: Results vs Stats analysis vs Performance
A211: Year | B211: Number of FDA approvals for AI/ML-enabled medical devices | C211: Licensed for children | D211: Devices tested and validated for children and adults
A212: 1995 | B212: 1
A213: 1996 | B213: 0
A214: 1997 | B214: 1
A215: 1998 | B215: 0
A216: 1999 | B216: 0
A217: 2000 | B217: 0
A218: 2001 | B218: 1
A219: 2002 | B219: 0
A220: 2003 | B220: 0
A221: 2004 | B221: 1
A222: 2005 | B222: 0
A223: 2006 | B223: 0
... A231: 2014 | B231: 6
A232: 2015 | B232: 5 | C232: 1
A233: 2016 | B233: 19 | C233: 0
A234: 2017 | B234: 26 | C234: 1 | D234: 4
A235: 2018 | B235: 63 | C235: 7 | D235: 7
A236: 2019 | B236: 76 | C236: 4 | D236: 10
A237: 2020 | B237: 108 | C237: 13 | D237: 16
A238: 2021 | B238: 123 | C238: 10 | D238: 18
A239: 2022 | B239: 139 | C239: 24 | D239: 45
A240: 2023 | B240: 108 | C240: 9 | D240: 34
A245: AI/ML Devices with Exclusive Indications
A246: Adult Female | B246: 39 | M246: Devices Licensed for Children
A247: Adult Male | B247: 10 | M247: Yes | N247: 69
A248: Pediatric | B248: 4 | M248: No | N248: 623
A249: Geriatric | B249: 3
B250: 636
A268: Regulatory Class | B268: Number of devices | H268: Number of devices
A269: II | B269: 690 | G269: Yes | H269: 153
A270: III | B270: 2 | G270: No | H270: 539
L271: Devices Tested and Validated in Children and Adults
L272: Yes | M272: 134
L273: No | M273: 558
D293: Availablity of Age Data
D294: Provided | E294: 133
D295: Not provided | E295: 559
L296: Devices with Links to Validation Papers
L297: Yes | M297: 13
L298: No | M298: 679
D316: Socioeconomic Data of Subjects
D317: Available | E317: 6
D318: Not available | E318: 686
B344: Table 3: Primary medical specialty associated with FDA approval
B346: Medical Specialty | C346: Number of Approval (%)
B347: Anesthesiology | C347: 6 | D347: 0.9
B348: Cardiovascular | C348: 70 | D348: 10.1
B349: Clinical Chemistry | C349: 6 | D349: 0.9
B350: Dental | C350: 1 | D350: 0.1
B351: Ear Nose & Throat | C351: 2 | D351: 0.3
B352: Gastroenterology/Urology | C352: 11 | D352: 1.6
B353: General And Plastic Surgery | C353: 5 | D353: 0.7
B354: General Hospital | C354: 3 | D354: 0.4
B355: Hematology | C355: 15 | D355: 2.2
B356: Immunology | C356: 1 | D356: 0.1
B357: Microbiology | C357: 5 | D357: 0.7
B358: Neurology | C358: 20 | D358: 2.9
... B363: Radiology | C363: 532 | D363: 76.9
B371: Medical Specialty | C371: Number of Approval (%)
B372: Radiology | C372: 50
B373: Cardiovascular | C373: 10
B374: Neurology | C374: 7
B375: Hematology | C375: 1
B376: General Hospital | C376: 1 | I376: Indication for use
I377: Clearly-stated indication | J377: 678
I378: Indication not stated | J378: 14
B422: Available data on subjects' race/ethnicity
B423: Data available | C423: 25
B424: Data not available | C424: 667

Sheet Data 2024
A1: Device Name | B1: Submission Number | C1: Company | D1: Primary Product Code | E1: Panel (Lead) | F1: Body Area | G1: Body Area Modified | H1: System | I1: System Modified | J1: Condition | K1: Condition Modifed | L1: Regulatory Class | M1: Date of Final Decision | N1: PMA Y/N/NA | O1: Link to validation paper Y/N | P1: Indications for use Y/N | Q1: Demographic info in indications or intended patient population Y/N | R1: Race data provided Y/N | S1: Age Data Provided Y/N | T1: Socioeconomic Data Provided Y/N | U1: Performance studies stated Y/N | V1: Licensed for children? Y/N/Unclear | W1: Tested and validated on children and adults as appropriate? Y/N/NA/Unclear | X1: Statistical analysis Y/N/Unclear | Y1: Results Provided Y/N | Z1: Sample Size | AA1: Y/N | AB1: Size | AC1: Number of testing sites e.g. Hospital, clinic, market testing | AD1: Risk Level | AE1: Intended user specified Y/N | AF1: Intended User (free text) | AG1: Intended User (free text) Modified | AH1: Machine Learning Technique specified Y/N? | AI1: Has a Prospective Study Y/N | AJ1: Adverse Reporting Y?N
A2: Brainomix 360 Triage ICH | B2: K231195 | C2: Brainomix Limited | D2: QAS | E2: Radiology | F2: Head | G2: =iferror(VLOOKUP(F2,Working!$B:$C,2,FALSE),"") -> Head | H2: Neurology | I2: =iferror(VLOOKUP(H2,Working!$E:$F,2,FALSE),"") -> Neurology | J2: Suspected Intracranial hemorrhage | K2: =iferror(VLOOKUP(J2,Working!$H:$I,2,FALSE),"") -> Acute intracranial hemorrhage | L2: II | M2: 45134 | N2: N | O2: N | P2: Y | Q2: Y | R2: N | S2: N | T2: N | U2: Y | V2: Unclear | W2: Unclear | X2: Y | Y2: Y | Z2: 341 non-contrast Computed Tomography scans | AA2: =iferror(VLOOKUP(Z2,Working!$K:$M,2,FALSE),"") -> Y | AB2: =iferror(VLOOKUP(Z2,Working!$K:$M,3,FALSE),"") -> 341 | AC2: Clinic | AD2: NA | AE2: Y | AF2: Qualified Physician | AG2: =iferror(VLOOKUP(AF2,Working!$O:$P,2,FALSE),"") -> Trained physicians | AH2: N | AI2: N | AJ2: N
A3: Global Hypoperfusion Index (GHI) Algorithm | B3: K231038 | C3: Edwards Lifesciences, LLC | D3: QNL | E3: Cardiovascular | F3: Heart | G3: =iferror(VLOOKUP(F3,Working!$B:$C,2,FALSE),"") -> Heart | H3: Cardiovascular | I3: =iferror(VLOOKUP(H3,Working!$E:$F,2,FALSE),"") -> Cardiovascular | J3: Patients receiving advanced Hemodynamic Monitoring with the Swan-Ganz catheter | K3: =iferror(VLOOKUP(J3,Working!$H:$I,2,FALSE),"") -> Hemodynamic instability | L3: II | M3: 45133 | N3: N | O3: N | P3: Y | Q3: Y | R3: N | S3: N | T3: N | U3: N | V3: Unclear | W3: Unclear | X3: N | Y3: N | Z3: NA | AA3: =iferror(VLOOKUP(Z3,Working!$K:$M,2,FALSE),"") -> NA | AB3: =iferror(VLOOKUP(Z3,Working!$K:$M,3,FALSE),"") | AC3: NA | AD3: NA | AE3: Y | AF3: Clinicians | AG3: =iferror(VLOOKUP(AF3,Working!$O:$P,2,FALSE),"") -> clinician | AH3: Y | AI3: Y | AJ3: N
A4: ME-APDS™; MAGENTIQ-COLO™ | B4: K223473 | C4: Magentiq Eye LTD | D4: QNP | E4: Gastroenterology/Urology | F4: Colon | G4: =iferror(VLOOKUP(F4,Working!$B:$C,2,FALSE),"") -> Colon | H4: Gastrointestinal | I4: =iferror(VLOOKUP(H4,Working!$E:$F,2,FALSE),"") -> Gastrointestinal | J4: Identification of lesions in Endoscopy | K4: =iferror(VLOOKUP(J4,Working!$H:$I,2,FALSE),"") -> Endoscopy | L4: II | M4: 45132 | N4: N | O4: N | P4: Y | Q4: N | R4: N | S4: N | T4: N | U4: Y | V4: Unclear | W4: Y | X4: Y | Y4: Y | Z4: 172 colonoscopy videos | AA4: =iferror(VLOOKUP(Z4,Working!$K:$M,2,FALSE),"") -> Y | AB4: =iferror(VLOOKUP(Z4,Working!$K:$M,3,FALSE),"") -> 172 | AC4: Clinic and Non-clinic | AD4: NA | AE4: Y | AF4: Endoscopiosts | AG4: =iferror(VLOOKUP(AF4,Working!$O:$P,2,FALSE),"") -> Endoscopists | AH4: Y | AI4: N | AJ4: N
A5: Sonio Detect | B5: K230365 | C5: Sonio | D5: IYN | E5: Radiology | F5: Fetus | G5: =iferror(VLOOKUP(F5,Working!$B:$C,2,FALSE),"") -> Fetus | H5: Radiology | I5: =iferror(VLOOKUP(H5,Working!$E:$F,2,FALSE),"") -> Radiology | J5: Detect anatomical structures in a fetus | K5: =iferror(VLOOKUP(J5,Working!$H:$I,2,FALSE),"") -> fetus | L5: II | M5: 45132 | N5: N | O5: N | P5: Y | Q5: Y | R5: N | S5: N | T5: N | U5: Y | V5: Unclear | W5: Unclear | X5: Y | Y5: Y | Z5: 17885 fetal ultrasound images | AA5: =iferror(VLOOKUP(Z5,Working!$K:$M,2,FALSE),"") -> Y | AB5: =iferror(VLOOKUP(Z5,Working!$K:$M,3,FALSE),"") -> 17885 | AC5: Clinical (7) | AD5: NA | AE5: N | AF5: NA | AG5: =iferror(VLOOKUP(AF5,Working!$O:$P,2,FALSE),"") -> NA | AH5: Y | AI5: N | AJ5: N
A6: ANDI | B6: K230913 | C6: Imeka Solutions, Inc. | D6: QIH | E6: Radiology | F6: Head | G6: =iferror(VLOOKUP(F6,Working!$B:$C,2,FALSE),"") -> Head | H6: Neurology | I6: =iferror(VLOOKUP(H6,Working!$E:$F,2,FALSE),"") -> Neurology | J6: Measurement of brain white matter | K6: =iferror(VLOOKUP(J6,Working!$H:$I,2,FALSE),"") -> Measurement of brain white matter | L6: II | M6: 45132 | N6: N | O6: N | P6: Y | Q6: N | R6: N | S6: N | T6: N | U6: N | V6: Unclear | W6: Y | X6: N | Y6: N | Z6: NA | AA6: =iferror(VLOOKUP(Z6,Working!$K:$M,2,FALSE),"") -> NA | AB6: =iferror(VLOOKUP(Z6,Working!$K:$M,3,FALSE),"") | AC6: Clinical, Non-clinical | AD6: NA | AE6: Y | AF6: Medical Professionals | AG6: =iferror(VLOOKUP(AF6,Working!$O:$P,2,FALSE),"") -> Medical Professional | AH6: N | AI6: N | AJ6: N
A7: UltraSight AI Guidance | B7: K223347 | C7: UltraSight Inc | D7: QJU | E7: Radiology | F7: Heart | G7: =iferror(VLOOKUP(F7,Working!$B:$C,2,FALSE),"") -> Heart | H7: Cardiovascular | I7: =iferror(VLOOKUP(H7,Working!$E:$F,2,FALSE),"") -> Cardiovascular | J7: Aquiring Cardiac Ultrasound Images | K7: =iferror(VLOOKUP(J7,Working!$H:$I,2,FALSE),"") -> Ultrasound Imaging | L7: II | M7: 45131 | N7: N | O7: N | P7: Y | Q7: N | R7: N | S7: N | T7: N | U7: Y | V7: Unclear | W7: Y | X7: Y | Z7: 580 | AA7: =iferror(VLOOKUP(Z7,Working!$K:$M,2,FALSE),"") -> Y | AB7: =iferror(VLOOKUP(Z7,Working!$K:$M,3,FALSE),"") -> 580 | AC7: Clinical, Non-clinical | AD7: NA | AE7: N | AF7: NA | AG7: =iferror(VLOOKUP(AF7,Working!$O:$P,2,FALSE),"") -> NA | AH7: Y | AI7: Y | AJ7: N
A8: OptimMRI | B8: K230150 | C8: RebrAIn, SAS | D8: QIH | E8: Radiology | F8: Head | G8: Head | H8: Radiology | I8: =iferror(VLOOKUP(H8,Working!$E:$F,2,FALSE),"") -> Radiology | J8: Neurosurgical Functional Planning | K8: =iferror(VLOOKUP(J8,Working!$H:$I,2,FALSE),"") -> Neurosurgical Functional Planning | L8: II | M8: 45128 | N8: N | O8: N | P8: Y | Q8: N | R8: N | S8: N | T8: N | U8: N | V8: Unclear | W8: Unclear | X8: N | Y8: N | Z8: 44 cerebral MRIs | AA8: =iferror(VLOOKUP(Z8,Working!$K:$M,2,FALSE),"") -> Y | AB8: =iferror(VLOOKUP(Z8,Working!$K:$M,3,FALSE),"") -> 44 | AC8: Clinical | AD8: NA | AE8: N | AF8: Qualified Medical Professionals | AG8: =iferror(VLOOKUP(AF8,Working!$O:$P,2,FALSE),"") -> Qualified Health Care Professional | AH8: N | AI8: Y | AJ8: N
A9: Cranial Navigation, Navigation Software Cranial, Navigation Software Craniofacial, Cranial EM System, Automatic Registration iMRI | B9: K223288 | C9: Brainlab AG | D9: HAW | E9: Neurology | F9: Head | G9: =iferror(VLOOKUP(F9,Working!$B:$C,2,FALSE),"") -> Head | H9: Neurology | I9: =iferror(VLOOKUP(H9,Working!$E:$F,2,FALSE),"") -> Neurology | J9: To enable navigated cranial surgery | K9: =iferror(VLOOKUP(J9,Working!$H:$I,2,FALSE),"") -> cranial surgery | L9: II | M9: 45128 | N9: N | O9: N | P9: Y | Q9: N | R9: N | S9: N | T9: N | U9: Y | V9: Unclear | W9: Y | X9: N | Y9: N | Z9: NA | AA9: =iferror(VLOOKUP(Z9,Working!$K:$M,2,FALSE),"") -> NA | AB9: =iferror(VLOOKUP(Z9,Working!$K:$M,3,FALSE),"") | AC9: NA | AD9: NA | AE9: Y | AF9: Trained Professionals | AG9: =iferror(VLOOKUP(AF9,Working!$O:$P,2,FALSE),"") -> trained professionals | AH9: N | AI9: Y | AJ9: N
A10: Irregular Rhythm Notification Feature (IRNF) | B10: K231173 | C10: Apple Inc. | D10: QDB | E10: Cardiovascular | F10: Heart | G10: =iferror(VLOOKUP(F10,Working!$B:$C,2,FALSE),"") -> Heart | H10: Cardiovascular | I10: =iferror(VLOOKUP(H10,Working!$E:$F,2,FALSE),"") -> Cardiovascular | J10: Identification of Episodes of Irregular heart rhythms suggestive of atrial fibrillation | K10: =iferror(VLOOKUP(J10,Working!$H:$I,2,FALSE),"") -> Atrial Fibrillation | L10: II | M10: 45128 | N10: N | O10: N | P10: Y | Q10: Y | R10: Y | S10: Y | T10: Y | U10: N | V10: N | W10: Unclear | X10: N | Y10: N | Z10: NA | AA10: =iferror(VLOOKUP(Z10,Working!$K:$M,2,FALSE),"") -> NA | AB10: =iferror(VLOOKUP(Z10,Working!$K:$M,3,FALSE),"") | AC10: NA | AD10: NA | AE10: Y | AF10: Patients with cardiac afribillation | AG10: =iferror(VLOOKUP(AF10,Working!$O:$P,2,FALSE),"") -> Patients with cardiac afribillation | AH10: Y | AI10: N | AJ10: N
A11: uOmnispace | B11: K230039 | C11: Shanghai United Imaging Healthcare Co., Ltd. | D11: QIH | E11: Radiology | F11: Whole Body | G11: =iferror(VLOOKUP(F11,Working!$B:$C,2,FALSE),"") -> Whole body | H11: Radiology | I11: =iferror(VLOOKUP(H11,Working!$E:$F,2,FALSE),"") -> Radiology | J11: Viewing, manipulation, communication and storage of medical images | K11: =iferror(VLOOKUP(J11,Working!$H:$I,2,FALSE),"") -> Viewing, manipulation, communication and storage of medical images | L11: II | M11: 45127 | N11: N | O11: N | P11: Y | Q11: N | R11: N | S11: N | T11: N | U11: Y | V11: Y | W11: Y | X11: Y | Y11: Y | Z11: 60 chest CTs | AA11: =iferror(VLOOKUP(Z11,Working!$K:$M,2,FALSE),"") -> Y | AB11: =iferror(VLOOKUP(Z11,Working!$K:$M,3,FALSE),"") -> 60 | AC11: NA | AD11: NA | AE11: Y | AF11: Trained Professionals | AG11: =iferror(VLOOKUP(AF11,Working!$O:$P,2,FALSE),"") -> trained professionals | AH11: Y | AI11: N | AJ11: N
A12: syngo.CT Lung CAD (Version VD30) | B12: K231157 | C12: Siemens Healthcare GmbH | D12: OEB | E12: Radiology | F12: Chest | G12: =iferror(VLOOKUP(F12,Working!$B:$C,2,FALSE),"") -> Chest | H12: Radiology | I12: =iferror(VLOOKUP(H12,Working!$E:$F,2,FALSE),"") -> Radiology | J12: Detection of solid and subsolid pulmonary nodules | K12: =iferror(VLOOKUP(J12,Working!$H:$I,2,FALSE),"") -> pulmonary nodules | L12: II | M12: 45126 | N12: N | O12: N | P12: Y | Q12: N | R12: N | S12: N | T12: N | U12: Y | V12: Unclear | W12: Y | X12: Y | Y12: Y | Z12: 712 CT thoracic cases | AA12: =iferror(VLOOKUP(Z12,Working!$K:$M,2,FALSE),"") -> Y | AB12: =iferror(VLOOKUP(Z12,Working!$K:$M,3,FALSE),"") -> 712 | AC12: Clinical, Non-clinical | AD12: Moderate level | AE12: Y | AF12: Trained Professionals | AG12: =iferror(VLOOKUP(AF12,Working!$O:$P,2,FALSE),"") -> trained professionals | AH12: Y | AI12: Y | AJ12: Y
A13: Brainlab Elements Image Fusion, Contouring (4.5);Image Fusion (4.5);Fibertracking (2.0);BOLD MRI Mapping (1.0);Image Fusion Angio (1.0) | B13: K223106 | C13: Brainlab AG | D13: QIH | E13: Radiology | F13: Head | G13: =iferror(VLOOKUP(F13,Working!$B:$C,2,FALSE),"") -> Head | H13: Radiology | I13: =iferror(VLOOKUP(H13,Working!$E:$F,2,FALSE),"") -> Radiology | J13: To perform image guided surgery and radiation treatment planning | K13: =iferror(VLOOKUP(J13,Working!$H:$I,2,FALSE),"") -> To perform image guided surgery and radiation treatment planning | L13: II | M13: 45121 | N13: N | O13: N | P13: Y | Q13: N | R13: N | S13: N | T13: N | U13: Y | V13: Unclear | W13: Y | X13: N | Y13: N | Z13: NA | AA13: =iferror(VLOOKUP(Z13,Working!$K:$M,2,FALSE),"") -> NA | AB13: =iferror(VLOOKUP(Z13,Working!$K:$M,3,FALSE),"") | AC13: Clinical, Non-clinical | AD13: NA | AE13: N | AF13: NA | AG13: =iferror(VLOOKUP(AF13,Working!$O:$P,2,FALSE),"") -> NA | AH13: N | AI13: N | AJ13: N
A14: Spine Auto Views | B14: K223424 | C14: GE Medical Systems SCS | D14: JAK | E14: Radiology | F14: Spine | G14: =iferror(VLOOKUP(F14,Working!$B:$C,2,FALSE),"") -> spine | H14: Radiology | I14: =iferror(VLOOKUP(H14,Working!$E:$F,2,FALSE),"") -> Radiology | J14: Aid in automatic generation of anatomicallu focused multi-planar reformats | K14: =iferror(VLOOKUP(J14,Working!$H:$I,2,FALSE),"") -> Aid in automatic generation of anatomicallu focused multi-planar reformats | L14: II | M14: 45120 | N14: N | O14: N | P14: Y | Q14: N | R14: N | S14: N | T14: N | U14: N | V14: Unclear | W14: Unclear | X14: N | Y14: N | Z14: NA | AA14: =iferror(VLOOKUP(Z14,Working!$K:$M,2,FALSE),"") -> NA | AB14: =iferror(VLOOKUP(Z14,Working!$K:$M,3,FALSE),"") | AC14: Clinical | AD14: Moderate level | AE14: Y | AF14: Clinicians | AG14: =iferror(VLOOKUP(AF14,Working!$O:$P,2,FALSE),"") -> clinician | AH14: N | AI14: N | AJ14: N
A15: ECHELON Synergy MRI system | B15: K223426 | C15: FUJIFILM Healthcare Corporation | D15: LNH | E15: Radiology | F15: Whole Body | G15: =iferror(VLOOKUP(F15,Working!$B:$C,2,FALSE),"") -> Whole body | H15: Radiology | I15: =iferror(VLOOKUP(H15,Working!$E:$F,2,FALSE),"") -> Radiology | J15: To provide physicians with physiological and clinical information, obtained non-invasively and without the use of ionizing radiation | K15: =iferror(VLOOKUP(J15,Working!$H:$I,2,FALSE),"") -> To provide physicians with physiological and clinical information, obtained non-invasively and without the use of ionizing radiation | L15: II | M15: 45120 | N15: N | O15: N | P15: Y | Q15: N | R15: N | S15: N | T15: N | U15: N | V15: Unclear | W15: Unclear | X15: N | Y15: N | Z15: 206 cases | AA15: =iferror(VLOOKUP(Z15,Working!$K:$M,2,FALSE),"") -> Y | AB15: =iferror(VLOOKUP(Z15,Working!$K:$M,3,FALSE),"") -> 206 | AC15: Clincal, Non-clinical | AD15: NA | AE15: Y | AF15: Physicians | AG15: =iferror(VLOOKUP(AF15,Working!$O:$P,2,FALSE),"") -> physician | AH15: N | AI15: N | AJ15: N
A16: AusculThing ACC | B16: K230823 | C16: AusculThing Oy | D16: DQD | E16: Cardiovascular | F16: Chest | G16: =iferror(VLOOKUP(F16,Working!$B:$C,2,FALSE),"") -> Chest | H16: Cardiovascular | I16: =iferror(VLOOKUP(H16,Working!$E:$F,2,FALSE),"") -> Cardiovascular | J16: To record, dislay and analyze acoustic signals of the heart recorded by means of electronic stethoscope | K16: =iferror(VLOOKUP(J16,Working!$H:$I,2,FALSE),"") -> To record, dislay and analyze acoustic signals of the heart recorded by means of electronic stethoscope | L16: II | M16: 45119 | N16: N | O16: N | P16: Y | Q16: Y | R16: N | S16: Y | T16: N | U16: Y | V16: Y | W16: Y | X16: Y | Y16: Y | Z16: 519 recordings | AA16: =iferror(VLOOKUP(Z16,Working!$K:$M,2,FALSE),"") -> Y | AB16: =iferror(VLOOKUP(Z16,Working!$K:$M,3,FALSE),"") -> 519 | AC16: Clinical, Non-clinical | AD16: NA | AE16: Y | AF16: Healthcare Providers | AG16: =iferror(VLOOKUP(AF16,Working!$O:$P,2,FALSE),"") -> Health care professional | AH16: N | AI16: N | AJ16: N
A17: MOZI TPS | B17: K223724 | C17: Manteia Technologies Co., Ltd | D17: MUJ | E17: Radiology | F17: Whole Body | G17: =iferror(VLOOKUP(F17,Working!$B:$C,2,FALSE),"") -> Whole body | H17: Radiology | I17: =iferror(VLOOKUP(H17,Working!$E:$F,2,FALSE),"") -> Radiology | J17: To plan radiotherapy treatment for patients with malignant or benign diseases | K17: =iferror(VLOOKUP(J17,Working!$H:$I,2,FALSE),"") -> To plan radiotherapy treatment for patients with malignant or benign diseases | L17: II | M17: 45117 | N17: N | O17: N | P17: Y | Q17: N | R17: N | S17: N | T17: N | U17: Y | V17: Unclear | W17: Y | X17: Y | Y17: Y | Z17: !74 | AA17: =iferror(VLOOKUP(Z17,Working!$K:$M,2,FALSE),"") -> Y | AB17: =iferror(VLOOKUP(Z17,Working!$K:$M,3,FALSE),"") -> 74 | AC17: Clinical, Non-clinical | AD17: NA | AE17: N | AF17: NA | AG17: =iferror(VLOOKUP(AF17,Working!$O:$P,2,FALSE),"") -> NA | AH17: N | AI17: N | AJ17: N
A18: Spine CAMP™ (1.1) | B18: K231668 | C18: Medical Metrics, Inc | D18: QIH | E18: Radiology | F18: Spine | G18: =iferror(VLOOKUP(F18,Working!$B:$C,2,FALSE),"") -> spine | H18: Radiology | I18: =iferror(VLOOKUP(H18,Working!$E:$F,2,FALSE),"") -> Radiology | J18: To characterize and assess spinal health | K18: =iferror(VLOOKUP(J18,Working!$H:$I,2,FALSE),"") -> To characterize and assess spinal health | L18: II | M18: 45114 | N18: N | O18: N | P18: Y | Q18: Y | R18: N | S18: Y | T18: N | U18: N | V18: N | W18: Unclear | X18: N | Y18: N | Z18: NA | AA18: =iferror(VLOOKUP(Z18,Working!$K:$M,2,FALSE),"") -> NA | AB18: =iferror(VLOOKUP(Z18,Working!$K:$M,3,FALSE),"") | AC18: NA | AD18: NA | AE18: Y | AF18: Licensed Physicians | AG18: =iferror(VLOOKUP(AF18,Working!$O:$P,2,FALSE),"") -> Licensed Physicians | AH18: N | AI18: N | AJ18: N
A19: Axial3D Insight | B19: K222745 | C19: Axial Medical Printing Limited | D19: QIH | E19: Radiology | F19: Whole Body | G19: =iferror(VLOOKUP(F19,Working!$B:$C,2,FALSE),"") -> Whole body | H19: Radiology | I19: =iferror(VLOOKUP(H19,Working!$E:$F,2,FALSE),"") -> Radiology | J19: For diagnostic purposes in the field of orthopedic trauma, orthopedic, maxillofacial, and cardiovascular applications | K19: =iferror(VLOOKUP(J19,Working!$H:$I,2,FALSE),"") -> For diagnostic purposes in the field of orthopedic trauma, orthopedic, maxillofacial, and cardiovascular applications | L19: II | M19: 45110 | N19: N | O19: N | P19: Y | Q19: N | R19: N | S19: N | T19: N | U19: Y | V19: Unclear | W19: Y | X19: Unclear | Y19: N | Z19: NA | AA19: =iferror(VLOOKUP(Z19,Working!$K:$M,2,FALSE),"") -> NA | AB19: =iferror(VLOOKUP(Z19,Working!$K:$M,3,FALSE),"") | AC19: Clinical, Non-clinical | AD19: Moderate level | AE19: Y | AF19: Licensed Physicians | AG19: =iferror(VLOOKUP(AF19,Working!$O:$P,2,FALSE),"") -> Licensed Physicians | AH19: N | AI19: N | AJ19: N
A20: EarliPoint | B20: K230337 | C20: EarliTec Diagnostics, Inc. | D20: QPF | E20: Neurology | F20: Eyes | G20: =iferror(VLOOKUP(F20,Working!$B:$C,2,FALSE),"") -> Eyes | H20: Neurology | I20: =iferror(VLOOKUP(H20,Working!$E:$F,2,FALSE),"") -> Neurology | J20: Diagnosis and assessment of ASD patients | K20: =iferror(VLOOKUP(J20,Working!$H:$I,2,FALSE),"") -> Diagnosis and assessment of ASD patients | L20: II | M20: 45106 | N20: N | O20: N | P20: Y | Q20: Y | R20: N | S20: Y | T20: N | U20: Y | V20: Y | W20: Y | X20: Y | Y20: Y | Z20: 500 cases | AA20: =iferror(VLOOKUP(Z20,Working!$K:$M,2,FALSE),"") -> Y | AB20: =iferror(VLOOKUP(Z20,Working!$K:$M,3,FALSE),"") -> 500 | AC20: Clinical | AD20: None | AE20: Y | AF20: Healthcare Providers | AG20: =iferror(VLOOKUP(AF20,Working!$O:$P,2,FALSE),"") -> Health care professional | AH20: N | AI20: N | AJ20: N
A21: Bladder AI (AIBV01) | B21: K230497 | C21: Exo Inc | D21: QIH | E21: Radiology | F21: Bladder | G21: =iferror(VLOOKUP(F21,Working!$B:$C,2,FALSE),"") -> Bladder | H21: Urogenital | I21: =iferror(VLOOKUP(H21,Working!$E:$F,2,FALSE),"") -> Urogenital | K21: =iferror(VLOOKUP(J21,Working!$H:$I,2,FALSE),"") | L21: II | M21: 45099 | N21: N | O21: N | P21: Y | Q21: Y | R21: N | S21: Y | T21: N | U21: Y | V21: Y | W21: Y | X21: Y | Y21: Y | Z21: 122 | AA21: =iferror(VLOOKUP(Z21,Working!$K:$M,2,FALSE),"") -> Y | AB21: =iferror(VLOOKUP(Z21,Working!$K:$M,3,FALSE),"") -> 122 | AC21: Exact number not stated; but stated to be a diverse collection of clinical sites in metropolitan cities | AD21: None | AE21: Y | AG21: =iferror(VLOOKUP(AF21,Working!$O:$P,2,FALSE),"") | AH21: Y | AI21: N | AJ21: N
A22: HepaFatSmart (V2.0.0) | B22: K231459 | C22: Resonance Health Analysis Services Pty Ltd. | D22: LNH | E22: Radiology | F22: Liver | G22: =iferror(VLOOKUP(F22,Working!$B:$C,2,FALSE),"") -> liver | H22: Digestive | I22: =iferror(VLOOKUP(H22,Working!$E:$F,2,FALSE),"") -> Digestive | J22: fatty liver related disease or metabolic syndromes | K22: =iferror(VLOOKUP(J22,Working!$H:$I,2,FALSE),"") -> fatty liver related disease or metabolic syndromes | L22: II | M22: 45097 | N22: N | O22: N | P22: Y | Q22: N | R22: N | S22: N | T22: N | U22: Y | V22: Unclear | W22: Unclear | X22: Y | Y22: Y | Z22: 300 | AA22: =iferror(VLOOKUP(Z22,Working!$K:$M,2,FALSE),"") -> Y | AB22: =iferror(VLOOKUP(Z22,Working!$K:$M,3,FALSE),"") -> 300 | AC22: Not stated | AD22: None | AE22: Y | AG22: =iferror(VLOOKUP(AF22,Working!$O:$P,2,FALSE),"") | AH22: Y | AI22: N | AJ22: N
A23: EyeArt v2.2.0 | B23: K223357 | C23: Eyenuk, Inc | D23: PIB | E23: Ophthalmic | F23: Eye | G23: =iferror(VLOOKUP(F23,Working!$B:$C,2,FALSE),"") -> Eyes | H23: Opthamology | I23: =iferror(VLOOKUP(H23,Working!$E:$F,2,FALSE),"") -> opththalmology | J23: Diabetic retinopathy | K23: =iferror(VLOOKUP(J23,Working!$H:$I,2,FALSE),"") -> Diabetic retinopathy | L23: II | M23: 45093 | N23: N | O23: N | P23: Y | Q23: Y | R23: Y | S23: Y | T23: N | U23: Y | V23: N | W23: N | X23: Y | Y23: Y | Z23: 246 | AA23: =iferror(VLOOKUP(Z23,Working!$K:$M,2,FALSE),"") -> Y | AB23: =iferror(VLOOKUP(Z23,Working!$K:$M,3,FALSE),"") -> 246 | AC23: Not stated | AD23: None | AE23: Y | AG23: =iferror(VLOOKUP(AF23,Working!$O:$P,2,FALSE),"") | AH23: Y | AI23: N | AJ23: N
A24: IB Lab LAMA | B24: K223646 | C24: IB Lab Gmbh | D24: QIH | E24: Radiology | F24: Bone | G24: =iferror(VLOOKUP(F24,Working!$B:$C,2,FALSE),"") -> Bone | H24: musculo-skeletal | I24: =iferror(VLOOKUP(H24,Working!$E:$F,2,FALSE),"") -> MusculoSkeletal | K24: =iferror(VLOOKUP(J24,Working!$H:$I,2,FALSE),"") | L24: II | M24: 45093 | N24: N | O24: N | P24: Y | Q24: N | R24: N | S24: Y | T24: N | U24: Y | V24: Unclear | W24: Unclear | X24: N | Y24: N | Z24: 22 | AA24: =iferror(VLOOKUP(Z24,Working!$K:$M,2,FALSE),"") -> Y | AB24: =iferror(VLOOKUP(Z24,Working!$K:$M,3,FALSE),"") -> 22 | AC24: Not stated | AD24: None | AE24: Y | AG24: =iferror(VLOOKUP(AF24,Working!$O:$P,2,FALSE),"") | AH24: Y | AI24: N | AJ24: N
A25: DeepCatch | B25: K223556 | C25: MEDICALIP Co., Ltd | D25: QIH | E25: Radiology | F25: Anatomical structures | G25: =iferror(VLOOKUP(F25,Working!$B:$C,2,FALSE),"") -> Anatomical structures | I25: =iferror(VLOOKUP(H25,Working!$E:$F,2,FALSE),"") | K25: =iferror(VLOOKUP(J25,Working!$H:$I,2,FALSE),"") | L25: II | M25: 45093 | N25: N | O25: N | P25: Y | Q25: N | R25: N | S25: N | T25: N | U25: Y | V25: Unclear | W25: Unclear | X25: Y | Y25: Y | Z25: 167 | AA25: =iferror(VLOOKUP(Z25,Working!$K:$M,2,FALSE),"") -> Y | AB25: =iferror(VLOOKUP(Z25,Working!$K:$M,3,FALSE),"") -> 167 | AC25: Not stated | AD25: None | AE25: Y | AG25: =iferror(VLOOKUP(AF25,Working!$O:$P,2,FALSE),"") | AH25: Y | AI25: N | AJ25: N
A26: CAC Software | B26: K230112 | C26: Imbio, Inc. | D26: JAK | E26: Radiology | F26: Blood vessels | G26: =iferror(VLOOKUP(F26,Working!$B:$C,2,FALSE),"") -> Blood vessels | H26: Cardiovascular | I26: =iferror(VLOOKUP(H26,Working!$E:$F,2,FALSE),"") -> Cardiovascular | J26: Atherosclerosis | K26: =iferror(VLOOKUP(J26,Working!$H:$I,2,FALSE),"") -> Atherosclerosis | L26: II | M26: 45090 | N26: N | O26: N | P26: Y | Q26: N | R26: N | S26: N | T26: N | U26: Y | V26: N | W26: Unclear | X26: Y | Y26: Y | AA26: =iferror(VLOOKUP(Z26,Working!$K:$M,2,FALSE),"") | AB26: =iferror(VLOOKUP(Z26,Working!$K:$M,3,FALSE),"") | AD26: None | AE26: Y | AG26: =iferror(VLOOKUP(AF26,Working!$O:$P,2,FALSE),"") | AH26: Y | AI26: N | AJ26: N
A27: FEops HEARTguideTM, FEops HEARTguideTM ALPACA | B27: K223855 | C27: FEops NV | D27: QIH | E27: Radiology | F27: Heart and Blood Vessels | G27: =iferror(VLOOKUP(F27,Working!$B:$C,2,FALSE),"") -> heart | H27: Cardiovascular | I27: =iferror(VLOOKUP(H27,Working!$E:$F,2,FALSE),"") -> Cardiovascular | K27: =iferror(VLOOKUP(J27,Working!$H:$I,2,FALSE),"") | L27: II | M27: 45083 | N27: N | O27: N | P27: Y | Q27: N | R27: N | S27: N | T27: N | U27: Y | V27: Unclear | W27: Unclear | X27: Y | Y27: Y | Z27: 35 | AA27: =iferror(VLOOKUP(Z27,Working!$K:$M,2,FALSE),"") -> Y | AB27: =iferror(VLOOKUP(Z27,Working!$K:$M,3,FALSE),"") -> 35 | AD27: None | AE27: Y | AG27: =iferror(VLOOKUP(AF27,Working!$O:$P,2,FALSE),"") | AH27: Y | AI27: N | AJ27: N
A28: Sonic DL | B28: K223523 | C28: GE Medical Systems, LLC | D28: LNH | E28: Radiology | F28: Heart and Blood Vessels | G28: =iferror(VLOOKUP(F28,Working!$B:$C,2,FALSE),"") -> heart | H28: Cardiovascular | I28: =iferror(VLOOKUP(H28,Working!$E:$F,2,FALSE),"") -> Cardiovascular | K28: =iferror(VLOOKUP(J28,Working!$H:$I,2,FALSE),"") | L28: II | M28: 45076 | N28: N | O28: N | P28: Y | Q28: Y | R28: N | S28: Y | T28: N | U28: Y | V28: Y | W28: Y | X28: N | Y28: N | Z28: 107 | AA28: =iferror(VLOOKUP(Z28,Working!$K:$M,2,FALSE),"") -> Y | AB28: =iferror(VLOOKUP(Z28,Working!$K:$M,3,FALSE),"") -> 107 | AD28: None | AE28: Y | AG28: =iferror(VLOOKUP(AF28,Working!$O:$P,2,FALSE),"") | AH28: Y | AI28: N | AJ28: N
A29: Critical Care Suite with Pneumothorax Detection AI Algorithm, Critical Care Suite 2.1, Critical Care Suite | B29: K223491 | C29: GE Medical Systems, LLC | D29: QBS | E29: Radiology | F29: Lungs | G29: =iferror(VLOOKUP(F29,Working!$B:$C,2,FALSE),"") -> Lungs | H29: Respiratory | I29: =iferror(VLOOKUP(H29,Working!$E:$F,2,FALSE),"") -> Respiratory | J29: Pneumothorax | K29: =iferror(VLOOKUP(J29,Working!$H:$I,2,FALSE),"") -> Pneumothorax | L29: II | M29: 45071 | N29: N | O29: N | P29: Y | Q29: N | R29: N | S29: N | T29: N | U29: Y | V29: Unclear | W29: Unclear | X29: Y | Y29: Y | Z29: 1200 | AA29: =iferror(VLOOKUP(Z29,Working!$K:$M,2,FALSE),"") -> Y | AB29: =iferror(VLOOKUP(Z29,Working!$K:$M,3,FALSE),"") -> 1200 | AD29: None | AE29: Y | AG29: =iferror(VLOOKUP(AF29,Working!$O:$P,2,FALSE),"") | AH29: Y | AI29: N | AJ29: N
A30: Saranas Early Bird Bleed Monitoring System | B30: K230273 | C30: Saranas, Inc. | D30: QFJ | E30: Cardiovascular | F30: Blood vessels | G30: =iferror(VLOOKUP(F30,Working!$B:$C,2,FALSE),"") -> Blood vessels | H30: Cardiovascular | I30: =iferror(VLOOKUP(H30,Working!$E:$F,2,FALSE),"") -> Cardiovascular | J30: Bleeding | K30: =iferror(VLOOKUP(J30,Working!$H:$I,2,FALSE),"") -> Bleeding | L30: II | M30: 45071 | N30: N | O30: N | P30: Y | Q30: N | R30: N | S30: N | T30: N | U30: N | V30: Unclear | W30: Unclear | X30: N | Y30: N | AA30: =iferror(VLOOKUP(Z30,Working!$K:$M,2,FALSE),"") | AB30: =iferror(VLOOKUP(Z30,Working!$K:$M,3,FALSE),"") | AD30: None | AE30: Y | AG30: =iferror(VLOOKUP(AF30,Working!$O:$P,2,FALSE),"") | AH30: N | AI30: N | AJ30: N
A31: Ceribell Status Epilepticus Monitor | B31: K223504 | C31: Ceribell, Inc. | D31: OMB | E31: Neurology | F31: Brain | G31: =iferror(VLOOKUP(F31,Working!$B:$C,2,FALSE),"") -> Brain | H31: Neurology | I31: =iferror(VLOOKUP(H31,Working!$E:$F,2,FALSE),"") -> Neurology | J31: Seizure | K31: =iferror(VLOOKUP(J31,Working!$H:$I,2,FALSE),"") -> Seizure | L31: II | M31: 45069 | N31: N | O31: N | P31: Y | Q31: Y | R31: N | S31: Y | T31: N | U31: Y | V31: Unclear | W31: Unclear | X31: N | Y31: Y | Z31: 350 | AA31: =iferror(VLOOKUP(Z31,Working!$K:$M,2,FALSE),"") -> Y | AB31: =iferror(VLOOKUP(Z31,Working!$K:$M,3,FALSE),"") -> 350 | AD31: None | AE31: Y | AG31: =iferror(VLOOKUP(AF31,Working!$O:$P,2,FALSE),"") | AH31: N | AI31: N | AJ31: N
A32: Genius AI Detection 2.0 with CC-MLO Correlation | B32: K230096 | C32: Hologic, Inc. | D32: QDQ | E32: Radiology | F32: Breast | G32: =iferror(VLOOKUP(F32,Working!$B:$C,2,FALSE),"") -> Breast | H32: Reproduction | I32: =iferror(VLOOKUP(H32,Working!$E:$F,2,FALSE),"") -> Reproductive | J32: Breast anomalies | K32: =iferror(VLOOKUP(J32,Working!$H:$I,2,FALSE),"") -> Breast anomalies | L32: II | M32: 45069 | N32: N | O32: N | P32: Y | Q32: N | R32: N | S32: N | T32: N | U32: N | V32: N | W32: N | X32: N | Y32: N | AA32: =iferror(VLOOKUP(Z32,Working!$K:$M,2,FALSE),"") | AB32: =iferror(VLOOKUP(Z32,Working!$K:$M,3,FALSE),"") | AD32: None | AE32: Y | AG32: =iferror(VLOOKUP(AF32,Working!$O:$P,2,FALSE),"") | AH32: Y | AI32: N | AJ32: N
A33: GI Genius System 100 and GI Genius System 200 | B33: K231143 | C33: Cosmo Artificial Intelligence - AI, Ltd. | D33: QNP | E33: Gastroenterology/Urology | F33: Colon | G33: =iferror(VLOOKUP(F33,Working!$B:$C,2,FALSE),"") -> Colon | H33: Gastrointestinal | I33: =iferror(VLOOKUP(H33,Working!$E:$F,2,FALSE),"") -> Gastrointestinal | J33: Colon mucosal lesions | K33: =iferror(VLOOKUP(J33,Working!$H:$I,2,FALSE),"") -> Colon mucosal lesions | L33: II | M33: 45065 | N33: N | O33: N | P33: Y | Q33: N | R33: N | S33: N | T33: N | U33: Y | V33: Unclear | W33: Unclear | X33: Unclear | Y33: Y | AA33: =iferror(VLOOKUP(Z33,Working!$K:$M,2,FALSE),"") | AB33: =iferror(VLOOKUP(Z33,Working!$K:$M,3,FALSE),"") | AD33: None | AE33: Y | AG33: =iferror(VLOOKUP(AF33,Working!$O:$P,2,FALSE),"") | AH33: Y | AI33: N | AJ33: N
A34: Autoplaque | B34: K212758 | C34: Cedars-Sinai Medical Center: AIM | D34: LLZ | E34: Radiology | F34: Heart | G34: =iferror(VLOOKUP(F34,Working!$B:$C,2,FALSE),"") -> Heart | H34: Cardiovascular | I34: =iferror(VLOOKUP(H34,Working!$E:$F,2,FALSE),"") -> Cardiovascular | J34: Coronary anatomy and pathology | K34: =iferror(VLOOKUP(J34,Working!$H:$I,2,FALSE),"") -> Coronary anatomy and pathology | L34: II | M34: 45065 | N34: N | O34: N | P34: Y | Q34: N | R34: N | S34: N | T34: N | U34: Y | V34: Unclear | W34: Unclear | X34: Unclear | Y34: Y | AA34: =iferror(VLOOKUP(Z34,Working!$K:$M,2,FALSE),"") | AB34: =iferror(VLOOKUP(Z34,Working!$K:$M,3,FALSE),"") | AD34: None | AE34: Y | AG34: =iferror(VLOOKUP(AF34,Working!$O:$P,2,FALSE),"") | AH34: Y | AI34: N | AJ34: N
A35: Radiation Planning Assistant (RPA) | B35: K222728 | C35: University of Texas, MD Anderson Cancer Center | D35: MUJ | E35: Radiology | F35: Head, neck, breast, cervix and brain | G35: =iferror(VLOOKUP(F35,Working!$B:$C,2,FALSE),"") -> Head and Neck | I35: =iferror(VLOOKUP(H35,Working!$E:$F,2,FALSE),"") | J35: Cancer | K35: =iferror(VLOOKUP(J35,Working!$H:$I,2,FALSE),"") -> Cancer | L35: II | M35: 45063 | N35: N | O35: N | P35: Y | Q35: N | R35: N | S35: N | T35: N | U35: Y | V35: N | W35: N | X35: Unclear | Y35: Y | AA35: =iferror(VLOOKUP(Z35,Working!$K:$M,2,FALSE),"") | AB35: =iferror(VLOOKUP(Z35,Working!$K:$M,3,FALSE),"") | AD35: None | AE35: Y | AG35: =iferror(VLOOKUP(AF35,Working!$O:$P,2,FALSE),"") | AH35: Y | AI35: N | AJ35: N
A36: SubtleMR (2.3.x) | B36: K223623 | C36: Subtle Medical, Inc. | D36: LLZ | E36: Radiology | F36: head, spine, neck, abdomen, pelvis, prostate, breast, and musculoskeletal | G36: =iferror(VLOOKUP(F36,Working!$B:$C,2,FALSE),"") -> Head and Neck | I36: =iferror(VLOOKUP(H36,Working!$E:$F,2,FALSE),"") | K36: =iferror(VLOOKUP(J36,Working!$H:$I,2,FALSE),"") | L36: II | M36: 45057 | N36: N | O36: N | P36: Y | Q36: N | R36: N | S36: N | T36: N | U36: Y | V36: Unclear | W36: Unclear | X36: Unclear | Y36: Y | AA36: =iferror(VLOOKUP(Z36,Working!$K:$M,2,FALSE),"") | AB36: =iferror(VLOOKUP(Z36,Working!$K:$M,3,FALSE),"") | AD36: None | AE36: Y | AG36: =iferror(VLOOKUP(AF36,Working!$O:$P,2,FALSE),"") | AH36: Y | AI36: N | AJ36: N
A37: Neurophet AQUA | B37: K220437 | C37: NEUROPHET, Inc. | D37: LLZ | E37: Radiology | F37: Brain | G37: =iferror(VLOOKUP(F37,Working!$B:$C,2,FALSE),"") -> Brain | H37: Neurology | I37: =iferror(VLOOKUP(H37,Working!$E:$F,2,FALSE),"") -> Neurology | K37: =iferror(VLOOKUP(J37,Working!$H:$I,2,FALSE),"") | L37: II | M37: 45056 | N37: N | O37: N | P37: Y | Q37: Y | R37: N | S37: Y | T37: N | U37: Y | V37: Unclear | W37: Unclear | X37: Y | Y37: Y | Z37: 64 | AA37: =iferror(VLOOKUP(Z37,Working!$K:$M,2,FALSE),"") -> Y | AB37: =iferror(VLOOKUP(Z37,Working!$K:$M,3,FALSE),"") -> 64 | AD37: None | AE37: Y | AG37: =iferror(VLOOKUP(AF37,Working!$O:$P,2,FALSE),"") | AH37: Y | AI37: N | AJ37: N
A38: Auto Segmentation | B38: K230082 | C38: GE Medical Systems, LLC | D38: QKB | E38: Radiology | F38: Whole Body | G38: =iferror(VLOOKUP(F38,Working!$B:$C,2,FALSE),"") -> Whole body | I38: =iferror(VLOOKUP(H38,Working!$E:$F,2,FALSE),"") | K38: =iferror(VLOOKUP(J38,Working!$H:$I,2,FALSE),"") | L38: II | M38: 45050 | N38: N | O38: N | P38: Y | Q38: Y | R38: Y | S38: Y | T38: N | U38: Y | V38: Unclear | W38: Unclear | X38: Y | Y38: Y | Z38: 302 | AA38: =iferror(VLOOKUP(Z38,Working!$K:$M,2,FALSE),"") -> Y | AB38: =iferror(VLOOKUP(Z38,Working!$K:$M,3,FALSE),"") -> 302 | AD38: None | AE38: Y | AG38: =iferror(VLOOKUP(AF38,Working!$O:$P,2,FALSE),"") | AH38: Y | AI38: N | AJ38: N
A39: Lumify Diagnostic Ultrasound System | B39: K223771 | C39: Philips Ultrasound | D39: IYN | E39: Radiology | F39: Whole Body | G39: =iferror(VLOOKUP(F39,Working!$B:$C,2,FALSE),"") -> Whole body | I39: =iferror(VLOOKUP(H39,Working!$E:$F,2,FALSE),"") | K39: =iferror(VLOOKUP(J39,Working!$H:$I,2,FALSE),"") | L39: II | M39: 45050 | N39: N | O39: N | P39: Y | Q39: Y | R39: Y | S39: Y | T39: N | U39: Y | V39: Unclear | W39: Unclear | X39: Y | Y39: Y | Z39: 157 | AA39: =iferror(VLOOKUP(Z39,Working!$K:$M,2,FALSE),"") -> Y | AB39: =iferror(VLOOKUP(Z39,Working!$K:$M,3,FALSE),"") -> 157 | AD39: None | AE39: Y | AG39: =iferror(VLOOKUP(AF39,Working!$O:$P,2,FALSE),"") | AH39: Y | AI39: N | AJ39: N
A40: SIS System | B40: K230977 | C40: Surgical Information Sciences, Inc. | D40: QIH | E40: Radiology | F40: Brain | G40: =iferror(VLOOKUP(F40,Working!$B:$C,2,FALSE),"") -> Brain | H40: Neurology | I40: =iferror(VLOOKUP(H40,Working!$E:$F,2,FALSE),"") -> Neurology | K40: =iferror(VLOOKUP(J40,Working!$H:$I,2,FALSE),"") | L40: II | M40: 45048 | N40: N | O40: N | P40: Y | Q40: N | R40: N | S40: N | T40: N | U40: Y | V40: N | W40: N | X40: N | Y40: N | AA40: =iferror(VLOOKUP(Z40,Working!$K:$M,2,FALSE),"") | AB40: =iferror(VLOOKUP(Z40,Working!$K:$M,3,FALSE),"") | AD40: None | AE40: Y | AG40: =iferror(VLOOKUP(AF40,Working!$O:$P,2,FALSE),"") | AH40: Y | AI40: N | AJ40: N
A41: Samsung ECG Monitor Application with Irregular Heart Rhythm Notification | B41: K230292 | C41: Samsung Electronics Co.,Ltd. | D41: QDA | E41: Cardiovascular | F41: Heart | G41: =iferror(VLOOKUP(F41,Working!$B:$C,2,FALSE),"") -> Heart | H41: Cardiovascular | I41: =iferror(VLOOKUP(H41,Working!$E:$F,2,FALSE),"") -> Cardiovascular | K41: =iferror(VLOOKUP(J41,Working!$H:$I,2,FALSE),"") | L41: II | M41: 45048 | N41: N | O41: N | P41: Y | Q41: N | R41: N | S41: N | T41: N | U41: Y | V41: Unclear | W41: Unclear | X41: Y | Y41: Y | Z41: 810 | AA41: =iferror(VLOOKUP(Z41,Working!$K:$M,2,FALSE),"") -> Y | AB41: =iferror(VLOOKUP(Z41,Working!$K:$M,3,FALSE),"") -> 810 | AD41: None | AE41: Y | AG41: =iferror(VLOOKUP(AF41,Working!$O:$P,2,FALSE),"") | AH41: Y | AI41: N | AJ41: N
A42: Precision DL | B42: K223212 | C42: GE Healthcare | D42: KPS | E42: Radiology | F42: Whole Body | G42: =iferror(VLOOKUP(F42,Working!$B:$C,2,FALSE),"") -> Whole body | I42: =iferror(VLOOKUP(H42,Working!$E:$F,2,FALSE),"") | J42: Clinical Oncology | K42: =iferror(VLOOKUP(J42,Working!$H:$I,2,FALSE),"") -> Clinical Oncology | L42: II | M42: 45043 | N42: N | O42: N | P42: Y | Q42: N | R42: N | S42: N | T42: N | U42: N | V42: Unclear | W42: Unclear | X42: N | Y42: N | AA42: =iferror(VLOOKUP(Z42,Working!$K:$M,2,FALSE),"") | AB42: =iferror(VLOOKUP(Z42,Working!$K:$M,3,FALSE),"") | AD42: None | AE42: Y | AG42: =iferror(VLOOKUP(AF42,Working!$O:$P,2,FALSE),"") | AH42: Y | AI42: N | AJ42: N
A43: ENT EM | B43: K223734 | C43: Brainlab AG | D43: PGW | E43: Ear Nose & Throat | F43: Ear Nose & Throat | G43: =iferror(VLOOKUP(F43,Working!$B:$C,2,FALSE),"") -> Ear Nose & Throat | H43: Neurology | I43: =iferror(VLOOKUP(H43,Working!$E:$F,2,FALSE),"") -> Neurology | K43: =iferror(VLOOKUP(J43,Working!$H:$I,2,FALSE),"") | L43: II | M43: 45043 | N43: N | O43: N | P43: Y | Q43: N | R43: N | S43: N | T43: N | U43: Y | V43: Unclear | W43: Unclear | X43: N | Y43: N | AA43: =iferror(VLOOKUP(Z43,Working!$K:$M,2,FALSE),"") | AB43: =iferror(VLOOKUP(Z43,Working!$K:$M,3,FALSE),"") | AD43: None | AE43: Y | AG43: =iferror(VLOOKUP(AF43,Working!$O:$P,2,FALSE),"") | AH43: Y | AI43: N | AJ43: N
A44: MR DWI/FLAIR Measurement V1.0 | B44: K230552 | C44: Olea Medical | D44: LLZ | E44: Radiology | F44: Radiology | G44: =iferror(VLOOKUP(F44,Working!$B:$C,2,FALSE),"") -> Radiology | H44: Radiology | I44: =iferror(VLOOKUP(H44,Working!$E:$F,2,FALSE),"") -> Radiology | K44: =iferror(VLOOKUP(J44,Working!$H:$I,2,FALSE),"") | L44: II | M44: 45042 | N44: N | O44: N | P44: Y | Q44: N | R44: N | S44: N | T44: N | U44: Y | V44: Unclear | W44: Unclear | X44: N | Y44: N | AA44: =iferror(VLOOKUP(Z44,Working!$K:$M,2,FALSE),"") | AB44: =iferror(VLOOKUP(Z44,Working!$K:$M,3,FALSE),"") | AD44: Not stated | AE44: Y | AG44: =iferror(VLOOKUP(AF44,Working!$O:$P,2,FALSE),"") | AH44: Y | AI44: N | AJ44: N
A45: LINQ II Insertable Cardiac Monitor, CareLink SmartSync LINQ II ICM Application | B45: K230553 | C45: Medtronic, Inc. | D45: MXD | E45: Cardiovascular | F45: Heart | G45: =iferror(VLOOKUP(F45,Working!$B:$C,2,FALSE),"") -> Heart | H45: Cardiovascular | I45: =iferror(VLOOKUP(H45,Working!$E:$F,2,FALSE),"") -> Cardiovascular | J45: Cardiac arrythmia | K45: =iferror(VLOOKUP(J45,Working!$H:$I,2,FALSE),"") -> Cardiac arrythmia | L45: II | M45: 45042 | N45: N | O45: N | P45: Y | Q45: N | R45: N | S45: N | T45: N | U45: N | V45: Y | W45: Y | X45: Unclear | Y45: N | AA45: =iferror(VLOOKUP(Z45,Working!$K:$M,2,FALSE),"") | AB45: =iferror(VLOOKUP(Z45,Working!$K:$M,3,FALSE),"") | AD45: None | AE45: Y | AG45: =iferror(VLOOKUP(AF45,Working!$O:$P,2,FALSE),"") | AH45: Y | AI45: N | AJ45: N
A46: Ceevra Reveal 3 | B46: K222676 | C46: Ceevra, Inc. | D46: QIH | E46: Radiology | F46: Whole Body | G46: =iferror(VLOOKUP(F46,Working!$B:$C,2,FALSE),"") -> Whole body | I46: =iferror(VLOOKUP(H46,Working!$E:$F,2,FALSE),"") | K46: =iferror(VLOOKUP(J46,Working!$H:$I,2,FALSE),"") | L46: II | M46: 45041 | N46: N | O46: N | P46: Y | Q46: N | R46: N | S46: N | T46: N | U46: Y | V46: Y | W46: Unclear | X46: Unclear | Y46: N | AA46: =iferror(VLOOKUP(Z46,Working!$K:$M,2,FALSE),"") | AB46: =iferror(VLOOKUP(Z46,Working!$K:$M,3,FALSE),"") | AD46: None | AE46: Y | AG46: =iferror(VLOOKUP(AF46,Working!$O:$P,2,FALSE),"") | AH46: Y | AI46: N | AJ46: N
A47: iCAC Device | B47: K230223 | C47: Bunkerhill, Inc. | D47: JAK | E47: Radiology | F47: Heart | G47: =iferror(VLOOKUP(F47,Working!$B:$C,2,FALSE),"") -> Heart | H47: Cardiovascular | I47: =iferror(VLOOKUP(H47,Working!$E:$F,2,FALSE),"") -> Cardiovascular | K47: =iferror(VLOOKUP(J47,Working!$H:$I,2,FALSE),"") | L47: II | M47: 45041 | N47: N | O47: N | P47: Y | Q47: N | R47: N | S47: N | T47: N | U47: Y | V47: Unclear | W47: Unclear | X47: Unclear | Y47: Y | AA47: =iferror(VLOOKUP(Z47,Working!$K:$M,2,FALSE),"") | AB47: =iferror(VLOOKUP(Z47,Working!$K:$M,3,FALSE),"") | AD47: None | AE47: Y | AG47: =iferror(VLOOKUP(AF47,Working!$O:$P,2,FALSE),"") | AH47: Y | AI47: N | AJ47: N
A48: ViewFinder Software Version 1.1 | B48: K223501 | C48: Elaitra Ltd | D48: QIH | E48: Radiology | F48: Breast | G48: =iferror(VLOOKUP(F48,Working!$B:$C,2,FALSE),"") -> Breast | H48: Reproduction | I48: =iferror(VLOOKUP(H48,Working!$E:$F,2,FALSE),"") -> Reproductive | K48: =iferror(VLOOKUP(J48,Working!$H:$I,2,FALSE),"") | L48: II | M48: 45037 | N48: N | O48: N | P48: Y | Q48: Y | R48: N | S48: Y | T48: N | U48: Y | V48: N | W48: Y | X48: Unclear | Y48: Y | AA48: =iferror(VLOOKUP(Z48,Working!$K:$M,2,FALSE),"") | AB48: =iferror(VLOOKUP(Z48,Working!$K:$M,3,FALSE),"") | AD48: None | AE48: Y | AG48: =iferror(VLOOKUP(AF48,Working!$O:$P,2,FALSE),"") | AH48: Y | AI48: N | AJ48: N
A49: HERA W10 Diagnostic Ultrasound System; HERA W9 Diagnostic Ultrasound System | B49: K230084 | C49: Samsung Medison CO., LTD. | D49: IYN | E49: Radiology | F49: Whole Body | G49: =iferror(VLOOKUP(F49,Working!$B:$C,2,FALSE),"") -> Whole body | I49: =iferror(VLOOKUP(H49,Working!$E:$F,2,FALSE),"") | K49: =iferror(VLOOKUP(J49,Working!$H:$I,2,FALSE),"") | L49: II | M49: 45037 | N49: N | O49: N | P49: Y | Q49: N | R49: N | S49: N | T49: N | U49: N | V49: Unclear | W49: Unclear | X49: N | Y49: N | AA49: =iferror(VLOOKUP(Z49,Working!$K:$M,2,FALSE),"") | AB49: =iferror(VLOOKUP(Z49,Working!$K:$M,3,FALSE),"") | AD49: None | AE49: Y | AG49: =iferror(VLOOKUP(AF49,Working!$O:$P,2,FALSE),"") | AH49: Y | AI49: N | AJ49: N
A50: Velacur | B50: K223287 | C50: Sonic Incytes | D50: IYO | E50: Radiology | F50: Liver | G50: =iferror(VLOOKUP(F50,Working!$B:$C,2,FALSE),"") -> liver | H50: Gastrointestinal | I50: =iferror(VLOOKUP(H50,Working!$E:$F,2,FALSE),"") -> Gastrointestinal | K50: =iferror(VLOOKUP(J50,Working!$H:$I,2,FALSE),"") | L50: II | M50: 45036 | N50: N | O50: N | P50: Y | Q50: N | R50: N | S50: N | T50: N | U50: N | V50: Unclear | W50: Unclear | X50: N | Y50: N | AA50: =iferror(VLOOKUP(Z50,Working!$K:$M,2,FALSE),"") | AB50: =iferror(VLOOKUP(Z50,Working!$K:$M,3,FALSE),"") | AD50: None | AE50: Y | AG50: =iferror(VLOOKUP(AF50,Working!$O:$P,2,FALSE),"") | AH50: Y | AI50: N | AJ50: N
A51: Deep Learning Image Reconstruction | B51: K230807 | C51: GE Healthcare Japan Corporation | D51: JAK | E51: Radiology | F51: Whole Body | G51: =iferror(VLOOKUP(F51,Working!$B:$C,2,FALSE),"") -> Whole body | I51: =iferror(VLOOKUP(H51,Working!$E:$F,2,FALSE),"") | K51: =iferror(VLOOKUP(J51,Working!$H:$I,2,FALSE),"") | L51: II | M51: 45036 | N51: N | O51: N | P51: Y | Q51: N | R51: N | S51: N | T51: N | U51: N | V51: Unclear | W51: Unclear | X51: N | Y51: N | AA51: =iferror(VLOOKUP(Z51,Working!$K:$M,2,FALSE),"") | AB51: =iferror(VLOOKUP(Z51,Working!$K:$M,3,FALSE),"") | AD51: None | AE51: Y | AG51: =iferror(VLOOKUP(AF51,Working!$O:$P,2,FALSE),"") | AH51: Y | AI51: N | AJ51: N
A52: Brainlab Elements – Trajectory Planning (2.6), Elements Stereotaxy, Elements Lead Localization, Elements Trajectory Planning Cranial | B52: K223552 | C52: Brainlab AG | D52: HAW | E52: Neurology | F52: Whole Body | G52: =iferror(VLOOKUP(F52,Working!$B:$C,2,FALSE),"") -> Whole body | H52: Nervous | I52: =iferror(VLOOKUP(H52,Working!$E:$F,2,FALSE),"") -> Nervous | K52: =iferror(VLOOKUP(J52,Working!$H:$I,2,FALSE),"") | L52: II | M52: 45035 | N52: N | O52: N | P52: Y | Q52: N | R52: N | S52: N | T52: N | U52: N | V52: Unclear | W52: Unclear | X52: N | Y52: N | AA52: =iferror(VLOOKUP(Z52,Working!$K:$M,2,FALSE),"") | AB52: =iferror(VLOOKUP(Z52,Working!$K:$M,3,FALSE),"") | AD52: None | AE52: Y | AG52: =iferror(VLOOKUP(AF52,Working!$O:$P,2,FALSE),"") | AH52: Y | AI52: N | AJ52: N
A53: ART-Plan | B53: K230023 | C53: Therapanacea SAS | D53: QKB | E53: Radiology | G53: =iferror(VLOOKUP(F53,Working!$B:$C,2,FALSE),"") | H53: Neurology | I53: =iferror(VLOOKUP(H53,Working!$E:$F,2,FALSE),"") -> Neurology | K53: =iferror(VLOOKUP(J53,Working!$H:$I,2,FALSE),"") | L53: II | M53: 45035 | N53: N | O53: N | P53: Y | Q53: N | R53: N | S53: N | T53: N | U53: Y | V53: Unclear | W53: Unclear | X53: N | Y53: N | AA53: =iferror(VLOOKUP(Z53,Working!$K:$M,2,FALSE),"") | AB53: =iferror(VLOOKUP(Z53,Working!$K:$M,3,FALSE),"") | AD53: None | AE53: Y | AG53: =iferror(VLOOKUP(AF53,Working!$O:$P,2,FALSE),"") | AH53: Y | AI53: N | AJ53: N
A54: Quantib Prostate | B54: K230772 | C54: Quantib B.V. | D54: LLZ | E54: Radiology | F54: Prostate | G54: =iferror(VLOOKUP(F54,Working!$B:$C,2,FALSE),"") -> Prostate | H54: Reproductive | I54: =iferror(VLOOKUP(H54,Working!$E:$F,2,FALSE),"") -> Reproductive | K54: =iferror(VLOOKUP(J54,Working!$H:$I,2,FALSE),"") | L54: II | M54: 45033 | N54: N | O54: N | P54: Y | Q54: N | R54: N | S54: N | T54: N | U54: Y | V54: Unclear | W54: Unclear | X54: N | Y54: N | AA54: =iferror(VLOOKUP(Z54,Working!$K:$M,2,FALSE),"") | AB54: =iferror(VLOOKUP(Z54,Working!$K:$M,3,FALSE),"") | AD54: None | AE54: Y | AG54: =iferror(VLOOKUP(AF54,Working!$O:$P,2,FALSE),"") | AH54: Y | AI54: N | AJ54: N
A55: AutoContour Model RADAC V3 | B55: K230685 | C55: Radformation, Inc. | D55: QKB | E55: Radiology | G55: =iferror(VLOOKUP(F55,Working!$B:$C,2,FALSE),"") | H55: Radiology | I55: =iferror(VLOOKUP(H55,Working!$E:$F,2,FALSE),"") -> Radiology | K55: =iferror(VLOOKUP(J55,Working!$H:$I,2,FALSE),"") | L55: II | M55: 45030 | N55: N | O55: N | P55: Y | Q55: N | R55: N | S55: N | T55: N | U55: N | V55: Unclear | W55: Unclear | X55: Y | Y55: Y | AA55: =iferror(VLOOKUP(Z55,Working!$K:$M,2,FALSE),"") | AB55: =iferror(VLOOKUP(Z55,Working!$K:$M,3,FALSE),"") | AD55: None | AE55: Y | AG55: =iferror(VLOOKUP(AF55,Working!$O:$P,2,FALSE),"") | AH55: Y | AI55: N | AJ55: N
A56: Ezra Flash | B56: K230264 | C56: Ezra AI Inc. | D56: LLZ | E56: Radiology | G56: =iferror(VLOOKUP(F56,Working!$B:$C,2,FALSE),"") | H56: Radiology | I56: =iferror(VLOOKUP(H56,Working!$E:$F,2,FALSE),"") -> Radiology | K56: =iferror(VLOOKUP(J56,Working!$H:$I,2,FALSE),"") | L56: II | M56: 45029 | N56: N | O56: N | P56: Y | Q56: N | R56: N | S56: N | T56: N | U56: N | V56: Unclear | W56: Unclear | X56: Y | Y56: Y | AA56: =iferror(VLOOKUP(Z56,Working!$K:$M,2,FALSE),"") | AB56: =iferror(VLOOKUP(Z56,Working!$K:$M,3,FALSE),"") | AD56: None | AE56: Y | AG56: =iferror(VLOOKUP(AF56,Working!$O:$P,2,FALSE),"") | AH56: Y | AI56: N | AJ56: N
A57: CerebralGo Plus | B57: K213986 | C57: Yukun (Beijing) Technology Co., Ltd | D57: QIH | E57: Radiology | F57: Blood vessels | G57: =iferror(VLOOKUP(F57,Working!$B:$C,2,FALSE),"") -> Blood vessels | I57: =iferror(VLOOKUP(H57,Working!$E:$F,2,FALSE),"") | K57: =iferror(VLOOKUP(J57,Working!$H:$I,2,FALSE),"") | L57: II | M57: 45029 | N57: N | O57: N | P57: Y | Q57: Y | R57: Y | S57: Y | T57: N | U57: Y | V57: Unclear | W57: Unclear | X57: Unclear | Y57: Y | AA57: =iferror(VLOOKUP(Z57,Working!$K:$M,2,FALSE),"") | AB57: =iferror(VLOOKUP(Z57,Working!$K:$M,3,FALSE),"") | AD57: None | AE57: Y | AG57: =iferror(VLOOKUP(AF57,Working!$O:$P,2,FALSE),"") | AH57: Y | AI57: N | AJ57: N
A58: Ultrasound System 2300 | B58: K223830 | C58: BK Medical Aps | D58: IYN | E58: Radiology | F58: Whole Body | G58: =iferror(VLOOKUP(F58,Working!$B:$C,2,FALSE),"") -> Whole body | I58: =iferror(VLOOKUP(H58,Working!$E:$F,2,FALSE),"") | K58: =iferror(VLOOKUP(J58,Working!$H:$I,2,FALSE),"") | L58: II | M58: 45027 | N58: N | O58: N | P58: Y | Q58: N | R58: N | S58: N | T58: N | U58: Y | V58: Unclear | W58: Unclear | X58: N | Y58: N | AA58: =iferror(VLOOKUP(Z58,Working!$K:$M,2,FALSE),"") | AB58: =iferror(VLOOKUP(Z58,Working!$K:$M,3,FALSE),"") | AD58: None | AE58: Y | AG58: =iferror(VLOOKUP(AF58,Working!$O:$P,2,FALSE),"") | AH58: Y | AI58: N | AJ58: N
A59: Limbus Contour | B59: K230575 | C59: Limbus AI Inc. | D59: LLZ | E59: Radiology | F59: Whole Body | G59: =iferror(VLOOKUP(F59,Working!$B:$C,2,FALSE),"") -> Whole body | H59: Radiology | I59: =iferror(VLOOKUP(H59,Working!$E:$F,2,FALSE),"") -> Radiology | K59: =iferror(VLOOKUP(J59,Working!$H:$I,2,FALSE),"") | L59: II | M59: 45023 | N59: N | O59: N | P59: Y | Q59: N | R59: N | S59: N | T59: N | U59: Y | V59: Unclear | W59: Unclear | X59: N | Y59: N | AA59: =iferror(VLOOKUP(Z59,Working!$K:$M,2,FALSE),"") | AB59: =iferror(VLOOKUP(Z59,Working!$K:$M,3,FALSE),"") | AD59: None | AE59: Y | AG59: =iferror(VLOOKUP(AF59,Working!$O:$P,2,FALSE),"") | AH59: Y | AI59: N | AJ59: N
A60: SKOUT® system | B60: K230658 | C60: Iterative Scopes Inc. | D60: QNP | E60: Gastroenterology/Urology | F60: Colon | G60: =iferror(VLOOKUP(F60,Working!$B:$C,2,FALSE),"") -> Colon | I60: =iferror(VLOOKUP(H60,Working!$E:$F,2,FALSE),"") | K60: =iferror(VLOOKUP(J60,Working!$H:$I,2,FALSE),"") | L60: II | M60: 45023 | N60: N | O60: N | P60: Y | Q60: N | R60: N | S60: N | T60: N | U60: N | V60: N | W60: N | X60: N | Y60: N | AA60: =iferror(VLOOKUP(Z60,Working!$K:$M,2,FALSE),"") | AB60: =iferror(VLOOKUP(Z60,Working!$K:$M,3,FALSE),"") | AD60: None | AE60: Y | AG60: =iferror(VLOOKUP(AF60,Working!$O:$P,2,FALSE),"") | AH60: Y | AI60: N | AJ60: N
A61: AI-Rad Companion (Cardiovascular) | B61: K222360 | C61: Siemens Medical Solutions U.S.A. | D61: JAK | E61: Radiology | F61: Heart | G61: =iferror(VLOOKUP(F61,Working!$B:$C,2,FALSE),"") -> Heart | I61: =iferror(VLOOKUP(H61,Working!$E:$F,2,FALSE),"") | J61: Chest X-ray | K61: =iferror(VLOOKUP(J61,Working!$H:$I,2,FALSE),"") -> Chest X-ray | L61: II | M61: 45022 | N61: N | O61: N | P61: Y | Q61: N | R61: N | S61: N | T61: N | U61: Y | V61: Unclear | W61: Unclear | X61: Y | Y61: Y | AA61: =iferror(VLOOKUP(Z61,Working!$K:$M,2,FALSE),"") | AB61: =iferror(VLOOKUP(Z61,Working!$K:$M,3,FALSE),"") | AD61: None | AE61: Y | AG61: =iferror(VLOOKUP(AF61,Working!$O:$P,2,FALSE),"") | AH61: Y | AI61: N | AJ61: N
A62: Ingenia, Ingenia CX, Ingenia Elition, Ingenia Ambition, MR 5300 and MR 7700 MR Systems | B62: K223458 | C62: Philips Medical Systems Nederland B.V. | D62: LNH | E62: Radiology | F62: Whole Body | G62: =iferror(VLOOKUP(F62,Working!$B:$C,2,FALSE),"") -> Whole body | I62: =iferror(VLOOKUP(H62,Working!$E:$F,2,FALSE),"") | K62: =iferror(VLOOKUP(J62,Working!$H:$I,2,FALSE),"") | L62: II | M62: 45022 | N62: N | O62: N | P62: Y | Q62: N | R62: N | S62: N | T62: N | U62: N | V62: Unclear | W62: Unclear | X62: N | Y62: N | AA62: =iferror(VLOOKUP(Z62,Working!$K:$M,2,FALSE),"") | AB62: =iferror(VLOOKUP(Z62,Working!$K:$M,3,FALSE),"") | AD62: None | AE62: Y | AG62: =iferror(VLOOKUP(AF62,Working!$O:$P,2,FALSE),"") | AH62: Y | AI62: N | AJ62: N
A63: CARESCAPE Canvas 1000, CARESCAPE Canvas Smart Display, CARESCAPE Canvas D19, F2 Frame (F2-01) | B63: K223531 | C63: GE Healthcare Finland Oy | D63: MHX | E63: Cardiovascular | F63: Whole Body | G63: =iferror(VLOOKUP(F63,Working!$B:$C,2,FALSE),"") -> Whole body | I63: =iferror(VLOOKUP(H63,Working!$E:$F,2,FALSE),"") | K63: =iferror(VLOOKUP(J63,Working!$H:$I,2,FALSE),"") | L63: II | M63: 45022 | N63: N | O63: N | P63: Y | Q63: N | R63: N | S63: N | T63: N | U63: N | V63: Unclear | W63: Y | X63: N | Y63: N | AA63: =iferror(VLOOKUP(Z63,Working!$K:$M,2,FALSE),"") | AB63: =iferror(VLOOKUP(Z63,Working!$K:$M,3,FALSE),"") | AD63: None | AE63: Y | AG63: =iferror(VLOOKUP(AF63,Working!$O:$P,2,FALSE),"") | AH63: Y | AI63: N | AJ63: N
A64: Contour ProtégéAI | B64: K223774 | C64: MIM Software Inc. | D64: QKB | E64: Radiology | G64: =iferror(VLOOKUP(F64,Working!$B:$C,2,FALSE),"") | I64: =iferror(VLOOKUP(H64,Working!$E:$F,2,FALSE),"") | J64: Radiation therapy | K64: =iferror(VLOOKUP(J64,Working!$H:$I,2,FALSE),"") -> radiation therapy | L64: II | M64: 45022 | N64: N | O64: N | P64: Y | Q64: N | R64: N | S64: N | T64: N | U64: Y | V64: Unclear | W64: NA | X64: Y | Y64: Y | AA64: =iferror(VLOOKUP(Z64,Working!$K:$M,2,FALSE),"") | AB64: =iferror(VLOOKUP(Z64,Working!$K:$M,3,FALSE),"") | AD64: None | AE64: Y | AG64: =iferror(VLOOKUP(AF64,Working!$O:$P,2,FALSE),"") | AH64: Y | AI64: N | AJ64: N
A65: Reveal LINQ Insertable Cardiac Monitor, LINQ II Insertable Cardiac Monitor, AccuRhythm AI ECG Classification System | B65: K223630 | C65: Medtronic, Inc. | D65: MXD | E65: Cardiovascular | F65: Heart | G65: =iferror(VLOOKUP(F65,Working!$B:$C,2,FALSE),"") -> Heart | H65: Cardiovascular | I65: =iferror(VLOOKUP(H65,Working!$E:$F,2,FALSE),"") -> Cardiovascular | J65: Cardiac arrythmias | K65: =iferror(VLOOKUP(J65,Working!$H:$I,2,FALSE),"") -> Cardiac Arrhythmia | L65: II | M65: 45021 | N65: N | O65: N | P65: Y | Q65: N | R65: N | S65: N | T65: N | U65: N | V65: N | W65: N | X65: N | Y65: N | AA65: =iferror(VLOOKUP(Z65,Working!$K:$M,2,FALSE),"") | AB65: =iferror(VLOOKUP(Z65,Working!$K:$M,3,FALSE),"") | AD65: None | AE65: Y | AG65: =iferror(VLOOKUP(AF65,Working!$O:$P,2,FALSE),"") | AH65: Y | AI65: N | AJ65: N
A66: Annalise Enterprise CTB Triage Trauma | B66: K223240 | C66: Annalise-AI Pty Ltd | D66: QAS | E66: Radiology | F66: Heart | G66: =iferror(VLOOKUP(F66,Working!$B:$C,2,FALSE),"") -> Heart | H66: Cardiovascular | I66: =iferror(VLOOKUP(H66,Working!$E:$F,2,FALSE),"") -> Cardiovascular | J66: Cardiac hemorrhage | K66: =iferror(VLOOKUP(J66,Working!$H:$I,2,FALSE),"") -> Cardiac hemorrhage | L66: II | M66: 45019 | N66: N | O66: N | P66: N | Q66: Y | R66: Y | S66: Y | T66: N | U66: Y | V66: N | W66: N | X66: Y | Y66: Y | AA66: =iferror(VLOOKUP(Z66,Working!$K:$M,2,FALSE),"") | AB66: =iferror(VLOOKUP(Z66,Working!$K:$M,3,FALSE),"") | AD66: None | AE66: Y | AG66: =iferror(VLOOKUP(AF66,Working!$O:$P,2,FALSE),"") | AH66: Y | AI66: N | AJ66: N
A67: Formus Hip | B67: K213272 | C67: Formus Labs, Ltd | D67: QIH | E67: Radiology | F67: Bone | G67: =iferror(VLOOKUP(F67,Working!$B:$C,2,FALSE),"") -> Bone | H67: Orthopedics | I67: =iferror(VLOOKUP(H67,Working!$E:$F,2,FALSE),"") -> Orthopedics | K67: =iferror(VLOOKUP(J67,Working!$H:$I,2,FALSE),"") | L67: II | M67: 45016 | N67: N | O67: N | P67: Y | Q67: N | R67: N | S67: Y | T67: N | U67: Y | V67: N | W67: N | X67: Unclear | Y67: Y | AA67: =iferror(VLOOKUP(Z67,Working!$K:$M,2,FALSE),"") | AB67: =iferror(VLOOKUP(Z67,Working!$K:$M,3,FALSE),"") | AD67: None | AE67: Y | AG67: =iferror(VLOOKUP(AF67,Working!$O:$P,2,FALSE),"") | AH67: Y | AI67: N | AJ67: N
A68: RayStation 12A | B68: K222312 | C68: Raysearch Laboratories AB (Publ) | D68: MUJ | E68: Radiology | G68: =iferror(VLOOKUP(F68,Working!$B:$C,2,FALSE),"") | I68: =iferror(VLOOKUP(H68,Working!$E:$F,2,FALSE),"") | J68: Medical oncology | K68: =iferror(VLOOKUP(J68,Working!$H:$I,2,FALSE),"") -> Medical oncology | L68: II | M68: 45014 | N68: N | O68: N | P68: Y | Q68: N | R68: N | S68: N | T68: N | U68: Y | V68: Unclear | W68: Unclear | X68: N | Y68: N | AA68: =iferror(VLOOKUP(Z68,Working!$K:$M,2,FALSE),"") | AB68: =iferror(VLOOKUP(Z68,Working!$K:$M,3,FALSE),"") | AD68: None | AE68: Y | AG68: =iferror(VLOOKUP(AF68,Working!$O:$P,2,FALSE),"") | AH68: Y | AI68: N | AJ68: N
A69: RadioLens v1.0 | B69: K222174 | C69: Synapsica | D69: QIH | E69: Radiology | F69: Bone | G69: =iferror(VLOOKUP(F69,Working!$B:$C,2,FALSE),"") -> Bone | H69: Orthopedics | I69: =iferror(VLOOKUP(H69,Working!$E:$F,2,FALSE),"") -> Orthopedics | J69: Traumatic injury | K69: =iferror(VLOOKUP(J69,Working!$H:$I,2,FALSE),"") -> Traumatic injury | L69: II | M69: 45013 | N69: N | O69: N | P69: Y | Q69: N | R69: N | S69: Y | T69: N | U69: Y | V69: N | W69: Unclear | X69: N | Y69: N | AA69: =iferror(VLOOKUP(Z69,Working!$K:$M,2,FALSE),"") | AB69: =iferror(VLOOKUP(Z69,Working!$K:$M,3,FALSE),"") | AD69: None | AE69: Y | AG69: =iferror(VLOOKUP(AF69,Working!$O:$P,2,FALSE),"") | AH69: Y | AI69: N | AJ69: N
A70: Annalise Enterprise CXR Triage Trauma | B70: K222179 | C70: Annalise-AI Pty Ltd | D70: QFM | E70: Radiology | F70: Chest | G70: =iferror(VLOOKUP(F70,Working!$B:$C,2,FALSE),"") -> Chest | I70: =iferror(VLOOKUP(H70,Working!$E:$F,2,FALSE),"") | J70: pleural effusion and pneumoperitoneum | K70: =iferror(VLOOKUP(J70,Working!$H:$I,2,FALSE),"") -> pleural effusion and pneumoperitoneum | L70: II | M70: 45013 | N70: N | O70: N | P70: Y | Q70: N | R70: N | S70: N | T70: N | U70: Y | V70: Unclear | W70: Unclear | X70: N | Y70: N | AA70: =iferror(VLOOKUP(Z70,Working!$K:$M,2,FALSE),"") | AB70: =iferror(VLOOKUP(Z70,Working!$K:$M,3,FALSE),"") | AD70: None | AE70: Y | AG70: =iferror(VLOOKUP(AF70,Working!$O:$P,2,FALSE),"") | AH70: Y | AI70: N | AJ70: N
A71: Annalise Enterprise CXR Triage Trauma | B71: K222268 | C71: Annalise-AI Pty Ltd | D71: QFM | E71: Radiology | F71: Chest | G71: =iferror(VLOOKUP(F71,Working!$B:$C,2,FALSE),"") -> Chest | H71: Respiratory | I71: =iferror(VLOOKUP(H71,Working!$E:$F,2,FALSE),"") -> Respiratory | J71: Chest Xray | K71: =iferror(VLOOKUP(J71,Working!$H:$I,2,FALSE),"") -> Chest Xray | L71: II | M71: 45013 | N71: N | O71: Y | P71: Y | Q71: N | R71: N | S71: N | T71: N | U71: Y | V71: Unclear | W71: Y | X71: Unclear | Y71: Y | Z71: 589 CXR CASES | AA71: =iferror(VLOOKUP(Z71,Working!$K:$M,2,FALSE),"") -> Y | AB71: =iferror(VLOOKUP(Z71,Working!$K:$M,3,FALSE),"") -> 589 | AC71: NA | AD71: NA | AE71: Y | AF71: Trained Clinicians | AG71: =iferror(VLOOKUP(AF71,Working!$O:$P,2,FALSE),"") -> Trained Clinicians | AH71: Y | AI71: Y | AJ71: N
A72: MAGNETOM Amira; MAGNETOM Sempra | B72: K223343 | C72: Siemens Medical Solutions USA Inc. | D72: LNH | E72: Radiology | F72: Whole Body | G72: =iferror(VLOOKUP(F72,Working!$B:$C,2,FALSE),"") -> Whole body | H72: Radiology | I72: =iferror(VLOOKUP(H72,Working!$E:$F,2,FALSE),"") -> Radiology | J72: Interventional Procedures | K72: =iferror(VLOOKUP(J72,Working!$H:$I,2,FALSE),"") -> Interventional Procedures | L72: II | M72: 45013 | N72: N | O72: Y | P72: Y | Q72: N | R72: N | S72: N | T72: N | U72: Y | V72: Unclear | W72: NA | X72: N | Y72: Y | Z72: 427 patients | AA72: =iferror(VLOOKUP(Z72,Working!$K:$M,2,FALSE),"") -> Y | AB72: =iferror(VLOOKUP(Z72,Working!$K:$M,3,FALSE),"") -> 427 | AC72: Clinical Setting | AD72: NA | AE72: N | AF72: NA | AG72: =iferror(VLOOKUP(AF72,Working!$O:$P,2,FALSE),"") -> NA | AH72: Y | AI72: N | AJ72: N
A73: DTX Studio Clinic 3.0 | B73: K221921 | C73: Nobel Biocare AB | D73: MYN | E73: Radiology | F73: Oral | G73: =iferror(VLOOKUP(F73,Working!$B:$C,2,FALSE),"") -> Mouth | H73: Intraoral | I73: =iferror(VLOOKUP(H73,Working!$E:$F,2,FALSE),"") -> Intraoral | J73: Dental Findings | K73: =iferror(VLOOKUP(J73,Working!$H:$I,2,FALSE),"") -> Dental Findings | L73: II | M73: 45013 | N73: N | O73: N | P73: Y | Q73: Y | R73: N | S73: Y | T73: N | U73: Y | V73: N | W73: Y | X73: Y | Y73: Y | Z73: 1767 dental findings | AA73: =iferror(VLOOKUP(Z73,Working!$K:$M,2,FALSE),"") -> Y | AB73: =iferror(VLOOKUP(Z73,Working!$K:$M,3,FALSE),"") -> 1767 | AC73: NA | AD73: None | AE73: Y | AF73: Dentists | AG73: =iferror(VLOOKUP(AF73,Working!$O:$P,2,FALSE),"") -> Dentists | AH73: Y | AI73: N | AJ73: N
A74: Overjet Caries Assist | B74: K222746 | C74: Overjet, Inc. | D74: MYN | E74: Radiology | F74: Oral | G74: =iferror(VLOOKUP(F74,Working!$B:$C,2,FALSE),"") -> Mouth | H74: Intraoral | I74: =iferror(VLOOKUP(H74,Working!$E:$F,2,FALSE),"") -> Intraoral | J74: Carious Tooth surface | K74: =iferror(VLOOKUP(J74,Working!$H:$I,2,FALSE),"") -> Carious Tooth surface | L74: II | M74: 45012 | N74: N | O74: N | P74: Y | Q74: Y | R74: N | S74: Y | T74: N | U74: Y | V74: N | W74: Y | X74: Y | Y74: Y | Z74: 1,314 Periapical images | AA74: =iferror(VLOOKUP(Z74,Working!$K:$M,2,FALSE),"") -> Y | AB74: =iferror(VLOOKUP(Z74,Working!$K:$M,3,FALSE),"") -> 1314 | AC74: 2 | AD74: NA | AE74: Y | AF74: Dentists | AG74: =iferror(VLOOKUP(AF74,Working!$O:$P,2,FALSE),"") -> Dentists | AH74: N | AI74: Y | AJ74: N
A75: MPXA-2000 | B75: K222036 | C75: Medipixel, Inc. | D75: QIH | E75: Radiology | F75: Coronary Arteries | G75: =iferror(VLOOKUP(F75,Working!$B:$C,2,FALSE),"") -> Coronary artery | H75: Vascular | I75: =iferror(VLOOKUP(H75,Working!$E:$F,2,FALSE),"") -> Vascular | J75: Coronary artery disease | K75: =iferror(VLOOKUP(J75,Working!$H:$I,2,FALSE),"") -> Coronary Artery Disease | L75: II | M75: 45007 | N75: N | O75: N | P75: Y | Q75: Y | R75: N | S75: N | T75: N | U75: Y | V75: Unclear | W75: Unclear | X75: N | Y75: N | Z75: 305 coronary angiograms | AA75: =iferror(VLOOKUP(Z75,Working!$K:$M,2,FALSE),"") -> Y | AB75: =iferror(VLOOKUP(Z75,Working!$K:$M,3,FALSE),"") -> 305 | AC75: NA | AD75: None | AE75: Y | AF75: Cardiologists, Radiologists | AG75: =iferror(VLOOKUP(AF75,Working!$O:$P,2,FALSE),"") -> Cardiologists, Radiologists | AH75: N | AI75: N | AJ75: N
A76: FlightPlan for Embolization | B76: K223490 | C76: GE Medical Systems SCS | D76: LLZ | E76: Radiology | F76: Blood Vessels | G76: =iferror(VLOOKUP(F76,Working!$B:$C,2,FALSE),"") -> Blood vessels | H76: Vascular | I76: =iferror(VLOOKUP(H76,Working!$E:$F,2,FALSE),"") -> Vascular | J76: Embolization | K76: =iferror(VLOOKUP(J76,Working!$H:$I,2,FALSE),"") -> Embolization | L76: II | M76: 45006 | N76: N | O76: N | P76: Y | Q76: N | R76: N | S76: N | T76: N | U76: N | V76: Unclear | W76: Y | X76: N | Y76: Y | Z76: 207 contrast injected CBCT scans | AA76: =iferror(VLOOKUP(Z76,Working!$K:$M,2,FALSE),"") -> Y | AB76: =iferror(VLOOKUP(Z76,Working!$K:$M,3,FALSE),"") -> 207 | AC76: 2 | AD76: Moderate Level | AE76: Y | AF76: Physicians | AG76: =iferror(VLOOKUP(AF76,Working!$O:$P,2,FALSE),"") -> physician | AH76: Y | AI76: N | AJ76: N
A77: AIio | B77: K223073 | C77: AIio, Inc. | D77: DRG | E77: Gastroenterology/Urology | F77: Whole Body | G77: =iferror(VLOOKUP(F77,Working!$B:$C,2,FALSE),"") -> Whole body | H77: Whole Body | I77: =iferror(VLOOKUP(H77,Working!$E:$F,2,FALSE),"") -> whole body | J77: General Care and End Stage Kidney Disease | K77: =iferror(VLOOKUP(J77,Working!$H:$I,2,FALSE),"") -> General Care and End Stage Kidney Disease | L77: II | M77: 45002 | N77: N | O77: N | P77: Y | Q77: Y | R77: N | S77: Y | T77: N | U77: N | V77: N | W77: Y | X77: N | Y77: Y | Z77: 125 Subjects | AA77: =iferror(VLOOKUP(Z77,Working!$K:$M,2,FALSE),"") -> Y | AB77: =iferror(VLOOKUP(Z77,Working!$K:$M,3,FALSE),"") -> 125 | AC77: Clinical and Non-clinical | AD77: None | AE77: Y | AF77: Physicians | AG77: =iferror(VLOOKUP(AF77,Working!$O:$P,2,FALSE),"") -> physician | AH77: N | AI77: N | AJ77: N
A78: Viz AAA | B78: K223443 | C78: Viz.ai, Inc. | D78: QFM | E78: Radiology | F78: Blood Vessels | G78: =iferror(VLOOKUP(F78,Working!$B:$C,2,FALSE),"") -> Blood vessels | H78: Vascular | I78: =iferror(VLOOKUP(H78,Working!$E:$F,2,FALSE),"") -> Vascular | J78: Abdominal Aortic Aneurysms | K78: =iferror(VLOOKUP(J78,Working!$H:$I,2,FALSE),"") -> Abdominal Aortic Aneurysms | L78: II | M78: 45002 | N78: N | O78: N | P78: Y | Q78: N | R78: N | S78: N | T78: N | U78: Y | V78: Unclear | W78: Y | X78: Y | Y78: Y | Z78: 466 CTA scans w | AA78: =iferror(VLOOKUP(Z78,Working!$K:$M,2,FALSE),"") -> Y | AB78: =iferror(VLOOKUP(Z78,Working!$K:$M,3,FALSE),"") -> 466 | AC78: NA | AD78: NA | AE78: N | AF78: Physicians | AG78: =iferror(VLOOKUP(AF78,Working!$O:$P,2,FALSE),"") -> physician | AH78: Y | AI78: N | AJ78: N
A79: NeuroRPM | B79: K221772 | C79: New Touch Digital Inc. | D79: GYD | E79: Neurology | F79: Whole Body | G79: =iferror(VLOOKUP(F79,Working!$B:$C,2,FALSE),"") -> Whole body | H79: Muscular | I79: =iferror(VLOOKUP(H79,Working!$E:$F,2,FALSE),"") -> Muscular | J79: Parkinson's disease | K79: =iferror(VLOOKUP(J79,Working!$H:$I,2,FALSE),"") -> Parkinson's disease | L79: II | M79: 45002 | N79: N | O79: N | P79: Y | Q79: Y | R79: N | S79: Y | T79: N | U79: Y | V79: N | W79: Y | X79: Y | Y79: Y | Z79: 36 subjects | AA79: =iferror(VLOOKUP(Z79,Working!$K:$M,2,FALSE),"") -> Y | AB79: =iferror(VLOOKUP(Z79,Working!$K:$M,3,FALSE),"") -> 36 | AC79: Clinic | AD79: NA | AE79: Y | AF79: Health Professionals | AG79: =iferror(VLOOKUP(AF79,Working!$O:$P,2,FALSE),"") -> Health Professionals | AH79: Y | AI79: N | AJ79: N
A80: uMI Panorama | B80: K223325 | C80: Shanghai United Imaging Healthcare Co., Ltd. | D80: KPS | E80: Radiology | F80: Whole Body | G80: =iferror(VLOOKUP(F80,Working!$B:$C,2,FALSE),"") -> Whole body | H80: Radiology | I80: =iferror(VLOOKUP(H80,Working!$E:$F,2,FALSE),"") -> Radiology | J80: Assessing Metabolic and Physiological functions | K80: =iferror(VLOOKUP(J80,Working!$H:$I,2,FALSE),"") -> Assessing Metabolic and Physiological functions | L80: II | M80: 44995 | N80: N | O80: N | P80: Y | Q80: N | R80: N | S80: N | T80: N | U80: N | V80: Unclear | W80: Unclear | X80: N | Y80: N | Z80: NA | AA80: =iferror(VLOOKUP(Z80,Working!$K:$M,2,FALSE),"") -> NA | AB80: =iferror(VLOOKUP(Z80,Working!$K:$M,3,FALSE),"") | AC80: NA | AD80: NA | AE80: Y | AF80: HealthCare Providers | AG80: =iferror(VLOOKUP(AF80,Working!$O:$P,2,FALSE),"") -> Health care professional | AH80: N | AI80: N | AJ80: N
A81: Spectral Bone Marrow | B81: K223514 | C81: GE Medical Systems, LLC | D81: JAK | E81: Radiology | F81: Bone Marrow | G81: =iferror(VLOOKUP(F81,Working!$B:$C,2,FALSE),"") -> Bone Marrow | H81: Skeletal | I81: =iferror(VLOOKUP(H81,Working!$E:$F,2,FALSE),"") -> Skeletal | J81: Bone Pathologies | K81: =iferror(VLOOKUP(J81,Working!$H:$I,2,FALSE),"") -> Bone Pathologies | L81: II | M81: 44994 | N81: N | O81: N | P81: Y | Q81: N | R81: N | S81: N | T81: N | U81: N | V81: Unclear | W81: Unclear | X81: N | Y81: N | Z81: NA | AA81: =iferror(VLOOKUP(Z81,Working!$K:$M,2,FALSE),"") -> NA | AB81: =iferror(VLOOKUP(Z81,Working!$K:$M,3,FALSE),"") | AC81: NA | AD81: NA | AE81: Y | AF81: Radiologists | AG81: =iferror(VLOOKUP(AF81,Working!$O:$P,2,FALSE),"") -> Radiologist | AH81: Y | AI81: Y | AJ81: N
A82: AccuContour | B82: K221706 | C82: Manteia Technologies Co., Ltd. | D82: QKB | E82: Radiology | F82: Whole Body | G82: =iferror(VLOOKUP(F82,Working!$B:$C,2,FALSE),"") -> Whole body | H82: Radiology | I82: =iferror(VLOOKUP(H82,Working!$E:$F,2,FALSE),"") -> Radiology | J82: Treatment Planning in Oncology | K82: =iferror(VLOOKUP(J82,Working!$H:$I,2,FALSE),"") -> Treatment Planning in Oncology | L82: II | M82: 44994 | N82: N | O82: N | P82: Y | Q82: N | R82: N | S82: N | T82: N | U82: N | V82: Unclear | W82: Y | X82: N | Y82: N | Z82: NA | AA82: =iferror(VLOOKUP(Z82,Working!$K:$M,2,FALSE),"") -> NA | AB82: =iferror(VLOOKUP(Z82,Working!$K:$M,3,FALSE),"") | AC82: 2 | AD82: NA | AE82: Y | AF82: Radiation Oncology Department | AG82: =iferror(VLOOKUP(AF82,Working!$O:$P,2,FALSE),"") -> Dosimetrists, Medical Physicists, and Radiation Oncologists | AH82: Y | AI82: Y | AJ82: N
A83: Aquilion Precision (TSX-304A/4) V10.14 with AiCE | B83: K223726 | C83: Canon Medical Systems Corporation | D83: JAK | E83: Radiology | F83: Whole Body | G83: =iferror(VLOOKUP(F83,Working!$B:$C,2,FALSE),"") -> Whole body | H83: Radiology | I83: =iferror(VLOOKUP(H83,Working!$E:$F,2,FALSE),"") -> Radiology | J83: Cross-sectional Volumes of the Body | K83: =iferror(VLOOKUP(J83,Working!$H:$I,2,FALSE),"") -> Cross-sectional Volumes of the Body | L83: II | M83: 44992 | N83: N | O83: N | P83: Y | Q83: N | R83: N | S83: N | T83: N | U83: N | V83: Unclear | W83: Unclear | X83: N | Y83: N | Z83: NA | AA83: =iferror(VLOOKUP(Z83,Working!$K:$M,2,FALSE),"") -> NA | AB83: =iferror(VLOOKUP(Z83,Working!$K:$M,3,FALSE),"") | AC83: NA | AD83: NA | AE83: Y | AF83: Qualified Physician | AG83: =iferror(VLOOKUP(AF83,Working!$O:$P,2,FALSE),"") -> Trained physicians | AH83: Y | AI83: N | AJ83: N
A84: Aquilion Serve (TSX-307A/1) V1.2 with AiCE-i | B84: K222819 | C84: Canon Medical Systems Corporation | D84: JAK | E84: Radiology | F84: Whole Body | G84: =iferror(VLOOKUP(F84,Working!$B:$C,2,FALSE),"") -> Whole body | H84: Radiology | I84: =iferror(VLOOKUP(H84,Working!$E:$F,2,FALSE),"") -> Radiology | J84: Cross-sectional Volumes of the Body | K84: =iferror(VLOOKUP(J84,Working!$H:$I,2,FALSE),"") -> Cross-sectional Volumes of the Body | L84: II | M84: 44988 | N84: N | O84: N | P84: Y | Q84: N | R84: N | S84: N | T84: N | U84: Y | V84: Unclear | W84: Y | X84: N | Y84: N | Z84: NA | AA84: =iferror(VLOOKUP(Z84,Working!$K:$M,2,FALSE),"") -> NA | AB84: =iferror(VLOOKUP(Z84,Working!$K:$M,3,FALSE),"") | AC84: 2 | AD84: None | AE84: Y | AF84: Qualified Physician | AG84: =iferror(VLOOKUP(AF84,Working!$O:$P,2,FALSE),"") -> Trained physicians | AH84: Y | AI84: N | AJ84: N
A85: BoneView | B85: K222176 | C85: Gleamer | D85: QBS | E85: Radiology | F85: Whole Body | G85: =iferror(VLOOKUP(F85,Working!$B:$C,2,FALSE),"") -> Whole body | H85: Radiology | I85: =iferror(VLOOKUP(H85,Working!$E:$F,2,FALSE),"") -> Radiology | J85: Interpretation of Radiographs | K85: =iferror(VLOOKUP(J85,Working!$H:$I,2,FALSE),"") -> Interpretation of Radiographs | L85: II | M85: 44987 | N85: N | O85: Y | P85: Y | Q85: N | R85: N | S85: Y | T85: N | U85: Y | V85: Y | W85: Unclear | X85: Y | Y85: Y | Z85: 2000 radiographs | AA85: =iferror(VLOOKUP(Z85,Working!$K:$M,2,FALSE),"") -> Y | AB85: =iferror(VLOOKUP(Z85,Working!$K:$M,3,FALSE),"") -> 2000 | AC85: NA | AD85: Moderate Level | AE85: N | AF85: NA | AG85: =iferror(VLOOKUP(AF85,Working!$O:$P,2,FALSE),"") -> NA | AH85: Y | AI85: N | AJ85: N
A86: Rapid NCCT Stroke | B86: K222884 | C86: iSchemaView Inc. | D86: QAS | E86: Radiology | F86: Head | G86: =iferror(VLOOKUP(F86,Working!$B:$C,2,FALSE),"") -> Head | H86: Radiology | I86: =iferror(VLOOKUP(H86,Working!$E:$F,2,FALSE),"") -> Radiology | J86: Analysis of Nonenchanced head CT | K86: =iferror(VLOOKUP(J86,Working!$H:$I,2,FALSE),"") -> Analysis of Nonenchanced head CT | L86: II | M86: 44987 | N86: N | O86: N | P86: Y | Q86: Y | R86: N | S86: N | T86: N | U86: Y | V86: Unclear | W86: Unclear | X86: Y | Y86: Y | Z86: 254 cases | AA86: =iferror(VLOOKUP(Z86,Working!$K:$M,2,FALSE),"") -> Y | AB86: =iferror(VLOOKUP(Z86,Working!$K:$M,3,FALSE),"") -> 254 | AC86: NA | AD86: None | AE86: N | AF86: NA | AG86: =iferror(VLOOKUP(AF86,Working!$O:$P,2,FALSE),"") -> NA | AH86: Y | AI86: N | AJ86: N
A87: Xeleris V Processing and Review System | B87: K221680 | C87: GE Healthcare | D87: LLZ | E87: Radiology | F87: Whole Body | G87: =iferror(VLOOKUP(F87,Working!$B:$C,2,FALSE),"") -> Whole body | H87: Radiology | I87: =iferror(VLOOKUP(H87,Working!$E:$F,2,FALSE),"") -> Radiology | J87: Reporting and Networking of NMI data | K87: =iferror(VLOOKUP(J87,Working!$H:$I,2,FALSE),"") -> Reporting and Networking of NMI data | L87: II | M87: 44986 | N87: N | O87: N | P87: Y | Q87: N | R87: N | S87: N | T87: N | U87: N | V87: Unclear | W87: Unclear | X87: N | Y87: N | Z87: NA | AA87: =iferror(VLOOKUP(Z87,Working!$K:$M,2,FALSE),"") -> NA | AB87: =iferror(VLOOKUP(Z87,Working!$K:$M,3,FALSE),"") | AC87: Clinic | AD87: None | AE87: Y | AF87: Physicians | AG87: =iferror(VLOOKUP(AF87,Working!$O:$P,2,FALSE),"") -> physician | AH87: Y | AI87: N | AJ87: N
A88: Caption Interpretation Automated Ejection Fraction Software | B88: DEN220063 | C88: Caption Health, Inc | D88: QVD | E88: Radiology | F88: Whole Body | G88: =iferror(VLOOKUP(F88,Working!$B:$C,2,FALSE),"") -> Whole body | H88: Radiology | I88: =iferror(VLOOKUP(H88,Working!$E:$F,2,FALSE),"") -> Radiology | J88: NA | K88: =iferror(VLOOKUP(J88,Working!$H:$I,2,FALSE),"") -> NA | L88: II | M88: 44981 | N88: N | O88: N | P88: N | Q88: N | R88: N | S88: N | T88: N | U88: N | V88: Unclear | W88: Unclear | X88: N | Y88: N | Z88: NA | AA88: =iferror(VLOOKUP(Z88,Working!$K:$M,2,FALSE),"") -> NA | AB88: =iferror(VLOOKUP(Z88,Working!$K:$M,3,FALSE),"") | AC88: NA | AD88: NA | AE88: Y | AF88: Radiologists | AG88: =iferror(VLOOKUP(AF88,Working!$O:$P,2,FALSE),"") -> Radiologist | AH88: Y | AI88: N | AJ88: N
A89: AVIEW Lung Nodule CAD | B89: K221592 | C89: Coreline Soft Co., Ltd. | D89: LLZ | E89: Radiology | F89: Lungs | G89: =iferror(VLOOKUP(F89,Working!$B:$C,2,FALSE),"") -> Lungs | H89: Respiratory | I89: =iferror(VLOOKUP(H89,Working!$E:$F,2,FALSE),"") -> Respiratory | J89: Detection of Pulmonary Nodules | K89: =iferror(VLOOKUP(J89,Working!$H:$I,2,FALSE),"") -> Detection of Pulmonary Nodules | L89: II | M89: 44981 | N89: N | O89: N | P89: Y | Q89: N | R89: N | S89: N | T89: N | U89: Y | V89: Unclear | W89: Y | X89: Y | Y89: Y | Z89: 151 Chest CTs | AA89: =iferror(VLOOKUP(Z89,Working!$K:$M,2,FALSE),"") -> Y | AB89: =iferror(VLOOKUP(Z89,Working!$K:$M,3,FALSE),"") -> 151 | AC89: Clinic | AD89: None | AE89: Y | AF89: Chest Radiologists | AG89: =iferror(VLOOKUP(AF89,Working!$O:$P,2,FALSE),"") -> Chest Radiologists | AH89: N | AI89: N | AJ89: N
A90: Belun Sleep System BLS-10 | B90: K222579 | C90: Belun Technology Company Limited | D90: MNR | E90: Anesthesiology | F90: Whole Body | G90: =iferror(VLOOKUP(F90,Working!$B:$C,2,FALSE),"") -> Whole body | H90: Respiratory | I90: =iferror(VLOOKUP(H90,Working!$E:$F,2,FALSE),"") -> Respiratory | J90: Sleep Apnea | K90: =iferror(VLOOKUP(J90,Working!$H:$I,2,FALSE),"") -> Sleep Apnea | L90: II | M90: 44980 | N90: N | O90: N | P90: Y | Q90: N | R90: N | S90: Y | T90: N | U90: Y | V90: N | W90: Y | X90: Y | Y90: Y | Z90: 106 patients | AA90: =iferror(VLOOKUP(Z90,Working!$K:$M,2,FALSE),"") -> Y | AB90: =iferror(VLOOKUP(Z90,Working!$K:$M,3,FALSE),"") -> 106 | AC90: Clinic, Home | AD90: None | AE90: Y | AF90: Patients with Sleep Apnea | AG90: =iferror(VLOOKUP(AF90,Working!$O:$P,2,FALSE),"") -> Patients with Sleep Apnea | AH90: N | AI90: Y | AJ90: N
A91: Brainomix 360 e-ASPECTS | B91: K221564 | C91: Brainomix Limited | D91: POK | E91: Radiology | F91: Brain | G91: =iferror(VLOOKUP(F91,Working!$B:$C,2,FALSE),"") -> Brain | H91: Radiology | I91: =iferror(VLOOKUP(H91,Working!$E:$F,2,FALSE),"") -> Radiology | J91: Characterization of Brain Tissue Abnormalities | K91: =iferror(VLOOKUP(J91,Working!$H:$I,2,FALSE),"") -> Characterization of Brain Tissue Abnormalities | L91: II | M91: 44980 | N91: N | O91: Y | P91: Y | Q91: Y | R91: N | S91: N | T91: N | U91: Y | V91: Unclear | W91: Y | X91: Y | Y91: Y | Z91: 256 patients | AA91: =iferror(VLOOKUP(Z91,Working!$K:$M,2,FALSE),"") -> Y | AB91: =iferror(VLOOKUP(Z91,Working!$K:$M,3,FALSE),"") -> 256 | AC91: Clinic | AD91: Moderate Level | AE91: Y | AF91: Physicians | AG91: =iferror(VLOOKUP(AF91,Working!$O:$P,2,FALSE),"") -> physician | AH91: Y | AI91: N | AJ91: Y
A92: BoneMRI v1.6 | B92: K230197 | C92: MRIguidance B.V | D92: QIH | E92: Radiology | F92: Whole Body | G92: =iferror(VLOOKUP(F92,Working!$B:$C,2,FALSE),"") -> Whole body | H92: Skeletal | I92: =iferror(VLOOKUP(H92,Working!$E:$F,2,FALSE),"") -> Skeletal | J92: Visualize Bone structures | K92: =iferror(VLOOKUP(J92,Working!$H:$I,2,FALSE),"") -> Visualize Bone structures | L92: II | M92: 44979 | N92: N | O92: N | P92: Y | Q92: Y | R92: N | S92: N | T92: N | U92: Y | V92: Unclear | W92: Y | X92: Y | Y92: N | Z92: 204 patients | AA92: =iferror(VLOOKUP(Z92,Working!$K:$M,2,FALSE),"") -> Y | AB92: =iferror(VLOOKUP(Z92,Working!$K:$M,3,FALSE),"") -> 204 | AC92: Clinic | AD92: None | AE92: Y | AF92: Imaging Experts | AG92: =iferror(VLOOKUP(AF92,Working!$O:$P,2,FALSE),"") -> Imaging Experts | AH92: Y | AI92: N | AJ92: N
A93: Swoop® Portable MR Imaging System™ | B93: K230208 | C93: Hyperfine, Inc. | D93: LNH | E93: Radiology | F93: Head | G93: =iferror(VLOOKUP(F93,Working!$B:$C,2,FALSE),"") -> Head | H93: Radiology | I93: =iferror(VLOOKUP(H93,Working!$E:$F,2,FALSE),"") -> Radiology | J93: Displaying Internal Structure of the Head | K93: =iferror(VLOOKUP(J93,Working!$H:$I,2,FALSE),"") -> Displaying Internal Structure of the Head | L93: II | M93: 44979 | N93: N | O93: N | P93: Y | Q93: Y | R93: N | S93: Y | T93: N | U93: N | V93: Y | W93: Y | X93: N | Y93: N | Z93: NA | AA93: =iferror(VLOOKUP(Z93,Working!$K:$M,2,FALSE),"") -> NA | AB93: =iferror(VLOOKUP(Z93,Working!$K:$M,3,FALSE),"") | AC93: Clinic, Non-Clinic | AD93: None | AE93: Y | AF93: Physicians | AG93: =iferror(VLOOKUP(AF93,Working!$O:$P,2,FALSE),"") -> physician | AH93: Y | AI93: N | AJ93: N
A94: PMD-200 | B94: DEN210022 | C94: Medasense Biometrics Ltd. | D94: QVE | E94: Anesthesiology | G94: =iferror(VLOOKUP(F94,Working!$B:$C,2,FALSE),"") | H94: Anaesthesiology | I94: =iferror(VLOOKUP(H94,Working!$E:$F,2,FALSE),"") -> Anaesthesiology | J94: An adjunctive pain measurement device for anesthesiology. This device type is intended for adjunctive use to tailor analgesic administration to a patient’s actual response to painful stimuli and is not intended to independently direct decision-making | K94: =iferror(VLOOKUP(J94,Working!$H:$I,2,FALSE),"") -> An adjunctive pain measurement device for anesthesiology | L94: II | M94: 44974 | N94: N | O94: N | P94: Y | Q94: N | R94: N | S94: N | T94: N | U94: N | V94: Unclear | W94: Unclear | X94: Unclear | Y94: N | Z94: NA | AA94: =iferror(VLOOKUP(Z94,Working!$K:$M,2,FALSE),"") -> NA | AB94: =iferror(VLOOKUP(Z94,Working!$K:$M,3,FALSE),"") | AC94: NA | AD94: Stated | AE94: N | AG94: =iferror(VLOOKUP(AF94,Working!$O:$P,2,FALSE),"") | AH94: N | AI94: N | AJ94: N
A95: uMR 680 | B95: K222755 | C95: Shanghai United Imaging Intelligence Co., Ltd. | D95: LNH | E95: Radiology | F95: Whole Body | G95: =iferror(VLOOKUP(F95,Working!$B:$C,2,FALSE),"") -> Whole body | H95: Radiology | I95: =iferror(VLOOKUP(H95,Working!$E:$F,2,FALSE),"") -> Radiology | J95: Images of internal structure of the body | K95: =iferror(VLOOKUP(J95,Working!$H:$I,2,FALSE),"") -> Images of internal structure of the body | L95: II | M95: 44973 | N95: N | O95: N | P95: N | Q95: Y | R95: N | S95: Y | T95: N | U95: Y | V95: Unclear | W95: Y | X95: N | Y95: N | Z95: 264 cases | AA95: =iferror(VLOOKUP(Z95,Working!$K:$M,2,FALSE),"") -> Y | AB95: =iferror(VLOOKUP(Z95,Working!$K:$M,3,FALSE),"") -> 264 | AC95: Clinical, Non-clinical | AD95: None | AE95: Y | AF95: Radiologists | AG95: =iferror(VLOOKUP(AF95,Working!$O:$P,2,FALSE),"") -> Radiologist | AH95: Y | AI95: Y | AJ95: N
A96: uCT ATLAS Astound with uWS-CT-Dual Energy Analysis | B96: K223028 | C96: Shanghai United Imaging Healthcare Co., Ltd. | D96: JAK | E96: Radiology | F96: Whole Body | G96: =iferror(VLOOKUP(F96,Working!$B:$C,2,FALSE),"") -> Whole body | H96: Radiology | I96: =iferror(VLOOKUP(H96,Working!$E:$F,2,FALSE),"") -> Radiology | J96: Low dose CT lung cancer screening | K96: =iferror(VLOOKUP(J96,Working!$H:$I,2,FALSE),"") -> Low dose CT lung cancer screening | L96: II | M96: 44973 | N96: N | O96: N | P96: Y | Q96: N | R96: N | S96: N | T96: N | U96: Y | V96: Unclear | W96: Unclear | X96: N | Y96: N | Z96: NA | AA96: =iferror(VLOOKUP(Z96,Working!$K:$M,2,FALSE),"") -> NA | AB96: =iferror(VLOOKUP(Z96,Working!$K:$M,3,FALSE),"") | AC96: Non-clinical | AD96: None | AE96: N | AF96: NA | AG96: =iferror(VLOOKUP(AF96,Working!$O:$P,2,FALSE),"") -> NA | AH96: N | AI96: N | AJ96: N
A97: ZEUS System | B97: K222389 | C97: iRhythm Technologies, Inc. | D97: DQK | E97: Cardiovascular | F97: Heart | G97: =iferror(VLOOKUP(F97,Working!$B:$C,2,FALSE),"") -> Heart | H97: Cardiology | I97: =iferror(VLOOKUP(H97,Working!$E:$F,2,FALSE),"") -> Cardiology | J97: To Analyze and report symptomatic and asymptomatic cardiac events | K97: =iferror(VLOOKUP(J97,Working!$H:$I,2,FALSE),"") -> To Analyze and report symptomatic and asymptomatic cardiac events | L97: II | M97: 44972 | N97: N | O97: N | P97: Y | Q97: Y | R97: N | S97: Y | T97: N | U97: Y | V97: N | W97: Y | X97: N | Y97: N | Z97: NA | AA97: =iferror(VLOOKUP(Z97,Working!$K:$M,2,FALSE),"") -> NA | AB97: =iferror(VLOOKUP(Z97,Working!$K:$M,3,FALSE),"") | AC97: Clinic | AD97: Moderate Level | AE97: N | AF97: NA | AG97: =iferror(VLOOKUP(AF97,Working!$O:$P,2,FALSE),"") -> NA | AH97: N | AI97: Y | AJ97: N
A98: V8 Diagnostic Ultrasound System, V7 Diagnostic Ultrasound System | B98: K223387 | C98: Samsung Medison Co., Ltd. | D98: IYN | E98: Radiology | F98: Whole Body | G98: =iferror(VLOOKUP(F98,Working!$B:$C,2,FALSE),"") -> Whole body | H98: Radiology | I98: =iferror(VLOOKUP(H98,Working!$E:$F,2,FALSE),"") -> Radiology | J98: To obtain ultrasound images and analyze body fluids | K98: =iferror(VLOOKUP(J98,Working!$H:$I,2,FALSE),"") -> To obtain ultrasound images and analyze body fluids | L98: II | M98: 44970 | N98: N | O98: N | P98: Y | Q98: N | R98: N | S98: N | T98: N | U98: N | V98: Unclear | W98: Unclear | X98: N | Y98: N | Z98: NA | AA98: =iferror(VLOOKUP(Z98,Working!$K:$M,2,FALSE),"") -> NA | AB98: =iferror(VLOOKUP(Z98,Working!$K:$M,3,FALSE),"") | AC98: NA | AD98: None | AE98: Y | AF98: Trained health care professionals | AG98: =iferror(VLOOKUP(AF98,Working!$O:$P,2,FALSE),"") -> Trained health care professionals | AH98: Y | AI98: Y | AJ98: N
A99: Videa Perio Assist | B99: K223296 | C99: VideaHealth, Inc | D99: QIH | E99: Radiology | F99: Dental region | G99: =iferror(VLOOKUP(F99,Working!$B:$C,2,FALSE),"") -> dental | H99: Dental | I99: =iferror(VLOOKUP(H99,Working!$E:$F,2,FALSE),"") -> Dental | J99: Measurements and visualization of mesial and distal bone levels | K99: =iferror(VLOOKUP(J99,Working!$H:$I,2,FALSE),"") -> Measurements and visualization of mesial and distal bone levels | L99: II | M99: 44963 | N99: N | O99: N | P99: Y | Q99: N | R99: N | S99: Y | T99: N | U99: Y | V99: N | W99: Y | X99: Y | Y99: Y | Z99: 189 radiographs | AA99: =iferror(VLOOKUP(Z99,Working!$K:$M,2,FALSE),"") -> Y | AB99: =iferror(VLOOKUP(Z99,Working!$K:$M,3,FALSE),"") -> 189 | AC99: Clinical | AD99: None | AE99: Y | AF99: Trained Dental Professionals | AG99: =iferror(VLOOKUP(AF99,Working!$O:$P,2,FALSE),"") -> Trained Dental Professionals | AH99: N | AI99: N | AJ99: N
A100: Oncospace | B100: K222803 | C100: Oncospace, Inc. | D100: MUJ | E100: Radiology | F100: Prostrate, head and neck regions | G100: =iferror(VLOOKUP(F100,Working!$B:$C,2,FALSE),"") -> Head and Neck | H100: Radiology | I100: =iferror(VLOOKUP(H100,Working!$E:$F,2,FALSE),"") -> Radiology | J100: To review radiolotherapy treatment plans for patients with malignant of bengin disease | K100: =iferror(VLOOKUP(J100,Working!$H:$I,2,FALSE),"") -> To review radiolotherapy treatment plans for patients with malignant of bengin disease | L100: II | M100: 44959 | N100: N | O100: Y | P100: Y | Q100: N | R100: N | S100: N | T100: N | U100: Y | V100: Unclear | W100: Y | X100: Y | Y100: Y | Z100: 796 treatment plans | AA100: =iferror(VLOOKUP(Z100,Working!$K:$M,2,FALSE),"") -> Y | AB100: =iferror(VLOOKUP(Z100,Working!$K:$M,3,FALSE),"") -> 796 | AC100: Clinical | AD100: None | AE100: Y | AF100: Trained physicians | AG100: =iferror(VLOOKUP(AF100,Working!$O:$P,2,FALSE),"") -> Trained physicians | AH100: Y | AI100: N | AJ100: N
...

Sheet Sheet8
D3: Suspected Intracranial hemorrhage
D4: Patients receiving advanced Hemodynamic Monitoring with the Swan-Ganz catheter
D5: Identification of lesions in Endoscopy
D6: Detect anatomical structures in a fetus
D7: Measurement of brain white matter
D8: Aquiring Cardiac Ultrasound Images
D9: Neurosurgical Functional Planning
D10: To enable navigated cranial surgery
D11: Identification of Episodes of Irregular heart rhythms suggestive of atrial fibrillation
D12: Viewing, manipulation, communication and storage of medical images
D13: Detection of solid and subsolid pulmonary nodules
D14: To perform image guided surgery and radiation treatment planning
... D109: Hereditary Thrombophilia, Alpha-1 Antitrypsin Deficiency, Alzheimer’s Disease, Parkinson’s Disease, Gaucher Disease Type 1, Factor XI Deficiency, Celiac Disease, G6PD Deficiency, Hereditary Hemochromatosis and Early-Onset Primary Dystonia

Sheet Email List for Validation Paper
A1: Device Name | B1: Company | C1: Speciality | D1: Contact E-mail | E1: Response Y/N | F1: Response Date | G1: Paper Available Y/N
A2: ABMD Software | B2: HeartLung Corporation | D2: contact@heartlung.ai
A3: Deep Learning Image Reconstruction | B3: GE Healthcare Japan Corporation | D3: Margaret.Steinhafel@ge.com
A4: cvi42 Auto Imaging Software Application | B4: Circle Cardiovascular Imaging Inc | D4: shirantha.samarappuli@circlecvi.com
A5: Swoop Portable MR Imaging System | B5: Hyperfine, Inc. | D5: support@hyperfine.io
A6: DeepRhythmAI | B6: Medicalgorithmics S.A. | D6: contact@medicalgorithmics.com
A7: Viz SDH | B7: Viz.ai, Inc. | D7: jduraes@pazangahealth.com
A8: AI4CMR v1.0 | B8: AI4MedImaging Medical Solutions S.A. | D8: info@ai4medimaging.com
A9: Vivid E80, Vivid E90, Vivid E95 | B9: GE Medical Systems Ultrasound and | D9: Margaret.Steinhafel@ge.com
A10: EchoPAC Software Only, EchoPAC Plug-in | B10: GE Medical Systems Ultrasound and Primary Care Diagnostics, | D10: Margaret.Steinhafel@ge.com
A11: Libby Echo:Prio | B11: Dyad Medical, Inc | D11: info@dyadmed.com
A12: Study Watch with Irregular Pulse Monitor (Home), Study Watch with Irregular Pulse Monitor | B12: Verily Life Sciences LLC | D12: flahertyt@verily.com
A13: ZEUS System (Zio Watch) | B13: iRhythm Technologies, Inc. | D13: irhythm@highwirepr.com
... A28: ART-PLAN | B28: TheraPanacea | D28: mail@therapanacea.eu
A29: Aquilion ONE (TSX-306A/3) V10.12 with Spectral Imaging System, Vitrea Software Package, VSTP-001A | B29: Canon Medical Systems Corporation
A30: Swoop Portable MR Imaging System | B30: Hyperfine, Inc. | D30: support@hyperfine.io
A31: AIR Recon DL | B31: GE Medical Systems,LLC (GE Healthcare) | D31: Margaret.Steinhafel@ge.com
A32: EarliPoint System | B32: EarliTec Diagnostics, Inc. | D32: info@earlitecdx.com
A33: Voluson Expert 22, Voluson Expert 20, Voluson Expert 18 | B33: GE Medical Systems Ultrasound and Primary Care Diagnostics, | D33: Margaret.Steinhafel@ge.com
A34: Atrial Fibrillation History Feature | B34: Apple Inc.
A35: BriefCase | B35: Aidoc Medical, Ltd.
A36: Rayvolve | B36: AZmed SAS | D36: contact@azmed.co
A37: eMurmur Heart AI | B37: CSD Labs GmbH | D37: partner@emurmur.com
A38: SwiftMR | B38: AIRS Medical Inc. | D38: support@airsmed.com
A39: Rapid PE Triage and Notification (PETN) | B39: iSchemaView Inc. | D39: dixon@merrittgrp.com
A40: syngo.CT CaScoring | B40: Siemens Medical Solutions USA, Inc.
A41: BriefCase | B41: Aidoc Medical, Ltd.
A42: Achieva, Ingenia, Ingenia CX, Ingenia Elition and Ingenia Ambition MR Systems | B42: Philips Medical Systems Nederland B.V. | D42: pms.service@philips.com
A43: Quantib Prostate | B43: Quantib BV | D43: services@quantib.com
A44: Saige-Dx | B44: DeepHealth, Inc. | D44: info@deep.health
A45: Versana Balance | B45: GE Medical Systems Ultrasound and Primary Care Diagnostics, | D45: Margaret.Steinhafel@ge.com
A46: Overjet Caries Assist | B46: Overjet, Inc. | D46: info@overjet.ai
A47: Segment 3DPrint | B47: Medviso AB | D47: support@medviso.com.
A48: MVision AI Segmentation | B48: MVision AI | D48: info@mvision.ai
A49: X100HT with Slide Loader with Full Field Peripheral Blood Smear (PBS) Application | B49: Scopio Labs Ltd. | D49: info@scopiolabs.com
A50: aPROMISE X | B50: EXINI Diagnostics AB | D50: info@exini.com
A51: MAGNETOM Lumina and MAGNETOM Vida Fit with syngo MR XA50A | B51: Siemens Medical Solutions USA Inc.
A52: EFAI RTSuite CT HN-Segmentation System | B52: Ever Fortune.AI Co., Ltd. | D52: service@everfortune.ai
A53: Philips Incisive CT | B53: Philips Healthcare (Suzhou) Co., Ltd. | D53: pms.service@philips.com
A54: AliveCor QT Service | B54: AliveCor, Inc.
A55: BriefCase | B55: Aidoc Medical, Ltd.
A56: HealthOST | B56: NanoxAI Ltd.
A57: Videa Caries Assist | B57: VideaHealth, Inc | D57: support@videa.ai
A58: AI-Rad Companion Brain MR | B58: Siemens Healthcare GmBh
A59: RayStation 11B | B59: RaySearch Laboratories AB (publ) | D59: david.hedfors@raysearchlabs.com
A60: INT Contour | B60: Carina Medical LLC | D60: info@carinaai.com
A61: Vantage Galan 3T, MRT-3020, V8.0 with AiCE Reconstruction Processing Unit for MR | B61: Canon Medical Systems Corporation
A62: ClariPulmo | B62: ClariPi Inc. | D62: claripi@claripi.com
A63: MRCAT Head & Neck | B63: Philips Oy
A64: EFAI Intelligent Cardiothoracic Ratio (iCTR) Assessment System | B64: Ever Fortune. AI Co., Ltd. | D64: service@everfortune.ai
A65: DEEPVESSEL FFR | B65: KeyaMed NA Inc. | D65: customerservice@keyamed.com
A66: Aplio a550, Aplio a450, and Aplio a, Diagnostic Ultrasound System, Software V6.5 | B66: Canon Medical Systems Corporation
A67: BriefCase | B67: Aidoc Medical, Ltd.
A68: Arterys MICA | B68: Arterys Inc. | D68: info@arterys.com
A69: BriefCase | B69: Aidoc Medical, Ltd.
A70: CardIQ Suite | B70: GE Medical Systems SCS | D70: Margaret.Steinhafel@ge.com
A71: ClearRead Xray Pneumothorax | B71: Riverain Technologies, Inc.
A72: Second Opinion | B72: Pearl Inc. | D72: support@hellopearl.com
A73: BoneView | B73: Gleamer
A74: MAGNETOM Vida with syngo MR XA50A | B74: Siemens Medical Solutions USA, Inc.
A75: Annalise Enterprise CXR Triage Pneumothorax | B75: Annalise-AI | D75: randy.rohmer@annalise.ai
A76: Viz ANEURYSM, Viz ANX | B76: Viz.ai, Inc. | D76: jduraes@pazangahealth.com
A77: Deep Learning Image Reconstruction | B77: GE Medical Systems | D77: Margaret.Steinhafel@ge.com
A78: Rapid | B78: iSchema View Inc. | D78: dixon@merrittgrp.com
A79: Micro C Medical Imaging System, M01 | B79: OXOS Medical, Inc.
A80: Revolution Ascend | B80: GE Healthcare Japan Corporation | D80: Margaret.Steinhafel@ge.com
A81: Contour ProtegeAI | B81: MIM Software Inc.
A82: syngo.CT Brain Hemorrhage | B82: Siemens Medical Solutions USA, Inc. | D82: contact@siemens-healthineers.com
A83: Aplio i900/i800/i700 Diagnostic Ultrasound System, Software V6.5 | B83: Canon Medical Systems Corporation
A84: syngo.CT Extended Functionality | B84: Siemens Medical Solutions USA, Inc. | D84: contact@siemens-healthineers.com
A85: Caption Interpretation Automated Ejection Fraction Software | B85: Caption Health | D85: contact@captionhealth.com
A86: Follicle Clarity | B86: Cycle Clarity
A87: Precise Image | B87: Philips Medical Systems Nederland, B.V. | D87: pms.service@philips.com
A88: Quantib ND | B88: Quantib B.V. | D88: services@quantib.com
A89: Eclipse II with Smart Noise Cancellation | B89: Carestream Health Inc. | D89: health.imaging.tsc@carestream.com
A90: UNiD Spine Analyzer | B90: MEDICREA International, Inc.
A91: AIBOLIT 3D+ | B91: AIbolit Technologies, LLC | D91: info@aibolit.com
A92: TOMTEC-ARENA | B92: TOMTEC Imaging Systems GmbH | D92: info@tomtec.de
A93: LiverSmart | B93: Resonance Health Analysis Services Pty Ltd | D93: clinicaltrials@resonancehealth.com
A94: BoneMRI | B94: MRIguidance B.V | D94: info@mriguidance.com
A95: BU-CAD | B95: TaiHao Medical Inc. | D95: Support@TaiHaoMed.com
A96: qXR-BT | B96: Qure.ai Technologies | D96: partner@qure.ai
A97: EchoGo Core (2.0) | B97: Ultromics Limited
A98: Koios DS | B98: Koios Medical, Inc. | D98: info@koiosmedical.com
A99: VBrain | B99: Vysioneer Inc. | D99: info@vysioneer.com
A100: HealthPPT | B100: Zebra Medical Vision Ltd.
A101: RT-Mind-AI | B101: MedMind Technology Co., Ltd. | D101: info@medmindtechnology.hk
A102: LVivo Seamless V2.0 | B102: DiA Imaging Analysis Ltd | D102: info@dia-analysis.com
A103: Al-Rad Companion (Pulmonary) | B103: Siemens Medical Solutions USA, Inc.
A104: Vantage Fortian 1.5T | B104: Canon Medical Systems Corporation
A105: MammoScreen 2.0 | B105: Therapixel
A106: EndoScreener | B106: Chengdu Wision Medical Device Co., LTD. | D106: ai@wision.com
A107: OnQ Neuro | B107: CorTechs Labs, Inc.
A108: Lunit INSIGHT MMG | B108: Lunit Inc.
A109: Swoop Point-of-Care Magnetic Resonance Imaging (POC MRI) Scanner System | B109: Hyperfine, Inc. | D109: support@hyperfine.io
A110: Soteria.AI | B110: Omega Medical Imaging, LLC
A111: TEX20/TEX20 Pro/TEX20S/TEX20T/TEX20 Exp/TEX20 Elite Diagnostic Ultrasound System, TEX10/ TEX10 Pro/TEX10S/TEX10T/TEX10 Exp/TEX10 Elite/TE X/TE X Lite Diagnostic Ultrasound System | B111: Shenzhen Mindray Bio-Medical Electronics Co.,LTD
A112: Clarius Ultrasound Scanner | B112: Clarius Mobile Health Corp.
A113: Lunit INSIGHT CXR Triage | B113: Lunit Inc.
A114: IM007 | B114: Implicity, Inc.
...

Sheet Validation Paper Data 
A1: Device Name | B1: Links | C1: Speciality | D1: Study Type | E1: Trial Protocol Available Y/N | F1: Funding sources stated Y/N | G1: Registration Number of Trial Provided Y/N | H1: AI/ML in title of abstract Y/N | I1: Intended use within title/abstract Y/N | J1: Background mentions purpose and demographic of intended users (e.g. patients, public, healthcare prof) | K1: Objective/Hypothesis clearly stated Y/N | L1: Study Design Type | M1: Algorithm Category (images (computer vision), text (NLP), speech (ASR), genomic sequence, Time Series, or if it's rule-based, etc) | N1: ML technique | O1: Eligibility criteria stated Y/N at level of participants | P1: Eligibility criteria stated Y/N at level of input | Q1: Sample size calculation provided Y/N | R1: Baseline demographic data for participants provided | S1: Dates provided for recruitment and trial duration Y/N | T1: If Y Race variance in testing Y/N | U1: If Y Age variance in testing Y/N | V1: If Y, Socioeconomic data provided Y/N | W1: Settings in which AI intervention tested clear Y/N | X1: Subgroup Analyses performed Y/N | Y1: States how missing data was handled Y/N | Z1: States expertise required by users Y/N | AA1: Output specified Y/N | AB1: Clear outcomes specified Y/N | AC1: Randomized Y/N | AD1: Statistical Methods Y/N | AE1: Results addressing outcomes Y/N | AF1: Results of analysis of performance errors Y/N | AG1: Limitations Stated Y/N | AH1: Generalizability discussed Y/N
A2: ABMD Software | C2: Radiology
A3: Deep Learning Image Reconstruction | C3: Radiology
A4: cvi42 Auto Imaging Software Application | C4: Radiology
A5: Swoop Portable MR Imaging System | C5: Radiology
A6: DeepRhythmAI | C6: Cardiovascular
A7: Viz SDH | C7: Radiology
A8: AI4CMR v1.0 | C8: Radiology
A9: Vivid E80, Vivid E90, Vivid E95 | C9: Radiology
A10: EchoPAC Software Only, EchoPAC Plug-in | C10: Radiology
A11: Libby Echo:Prio | C11: Radiology
A12: Study Watch with Irregular Pulse Monitor (Home), Study Watch with Irregular Pulse Monitor | C12: Cardiovascular
A13: ZEUS System (Zio Watch) | C13: Cardiovascular
... A203: Hepatica V1 (Hepatica V1.0.0) | C203: Radiology
A204: Imagio Breast Imaging System | B204: https://www.accessdata.fda.gov/cdrh_docs/pdf20/P200003B.pdf https://www.clinicaltrials.gov/ct2/show/NCT01943916?term=NCT01943916&draw=2&rank=1 | C204: Radiology
A205: CLEWICU System (ClewICUserver and ClewICUnitor) | C205: Cardiovascular
A206: HeartFlow Analysis | C206: Cardiovascular
A207: BrainInsight | C207: Radiology
A208: BriefCase | C208: Radiology
A209: AI Metrics | C209: Radiology
A210: EchoGo Pro | C210: Radiology
A211: Deep Learning Image Reconstruction For Gemstone Spectral Imaging | C211: Radiology
A212: Aquilion Exceed LB (TSX-202A/3) V10.6 With AiCE-I | C212: Radiology
A213: HepaFat-AI | C213: Radiology
A214: HealthJOINT | C214: Radiology
A215: HALO | C215: Radiology
A216: Revolution Ascend | C216: Radiology
... A514: CellaVision DM96 with the body fluid application | C514: Hematology
A515: Quantra | B515: https://www.ncbi.nlm.nih.gov/pmc/articles/PMC5826095/ | C515: Radiology
A516: Pathwork Tissue of Origin Test | B516: https://pubmed.ncbi.nlm.nih.gov/19332734/ | C516: Pathology
A517: Visensia | B517: https://www.ncbi.nlm.nih.gov/pmc/articles/PMC3668698/ | C517: Cardiovascular
A518: IB Neuro, Version 1.0 | C518: Radiology
A519: CellaVision DM96 Automatic Hematology Analyzer | B519: https://pubmed.ncbi.nlm.nih.gov/16203273/ | C519: Hematology
A520: DiffMaster Octavia Automatic Hematology Analyzer | B520: https://pubmed.ncbi.nlm.nih.gov/12755789/ | C520: Hematology
A521: Compumedics Sleep Monitoring System | B521: https://pubmed.ncbi.nlm.nih.gov/8650459/ | C521: Anesthesiology
A522: PAPNET Testing System | B522: https://www.karger.com/Article/Abstract/332307; https://pubmed.ncbi.nlm.nih.gov/9022728/; https://pubmed.ncbi.nlm.nih.gov/8116579/; https://pubmed.ncbi.nlm.nih.gov/7937724/ | C522: Pathology | D522: Cross-sectional; Case-control | E522: N | G522: N

Sheet Copy of Summary Document Data
A1: Device Name | B1: Submission Number | C1: Company | D1: Primary Product Code | E1: Panel (Lead) | F1: Body Area | G1: System | H1: Condition | I1: Regulatory Class | J1: Date of Final Decision | K1: PMA Y/N/NA | L1: Link to validation paper Y/N | M1: Indications for use Y/N | N1: Demographic info in indications or intended patient population Y/N | O1: Race data provided Y/N | P1: Age Data Provided Y/N | Q1: Socioeconomic Data Provided Y/N | R1: Performance studies stated Y/N | S1: Licensed for children? Y/N/Unclear | T1: Tested and validated on children and adults as appropriate? Y/N/NA/Unclear | U1: Statistical analysis Y/N/Unclear | V1: Results Provided Y/N | W1: Sample Size | X1: Number of testing sites e.g. Hospital, clinic, market testing | Y1: Risk Level | Z1: Intended user specified Y?N | AA1: Intended User (free text) | AB1: Machine Learning Technique specified Y/N? | AC1: Has a Prospective Study Y/N | AD1: Adverse Reporting Y?N
A2: ABMD Software | B2: K213760 | C2: HeartLung Corporation | D2: KGI | E2: Radiology | F2: Vertebral bones | I2: II | J2: 44771 | K2: NA | L2: N | M2: Y | N2: N | O2: N | P2: N | Q2: N | R2: Y | S2: Unclear | T2: Unclear | U2: Y | V2: Y | X2: NA | Y2: unclear | AC2: N
A3: Deep Learning Image Reconstruction | B3: K220961 | C3: GE Healthcare Japan Corporation | D3: JAK | E3: Radiology | F3: Whole body | I3: II | J3: 44771 | K3: NA | L3: N | M3: Y | N3: N | O3: N | P3: N | Q3: N | R3: N | S3: Unclear | T3: Unclear | U3: N | V3: N | W3: N | X3: NA | Y3: unclear | AC3: N
A4: cvi42 Auto Imaging Software Application | B4: K213998 | C4: Circle Cardiovascular Imaging Inc | D4: QIH | E4: Radiology | F4: Cardiac scanning | I4: II | J4: 44770 | K4: NA | L4: N | M4: Y | N4: Y | O4: N | P4: N | Q4: N | R4: N | S4: Y | T4: Unclear | U4: Y | V4: Y | W4: Y | X4: NA | Y4: unclear | Z4: Y | AB4: N | AC4: N
A5: Swoop Portable MR Imaging System | B5: K221923 | C5: Hyperfine, Inc. | D5: LNH | E5: Radiology | F5: Neuroradiology | I5: II | J5: 44770 | K5: NA | L5: N | M5: Y | N5: N | O5: N | P5: N | Q5: N | R5: N | S5: Y | T5: Unclear | U5: N | V5: N | W5: N | Y5: unclear | Z5: Y | AB5: N | AC5: N | AD5: N | AE5: Reasonably good example
A6: DeepRhythmAI | B6: K210822 | C6: Medicalgorithmics S.A. | D6: DQK | E6: Cardiovascular | F6: Cardiology | I6: II | J6: 44769 | K6: NA | L6: N | M6: Y | N6: N | O6: N | P6: N | Q6: N | R6: N | S6: Unclear | T6: Unclear | U6: N | V6: N | W6: N | X6: N | Y6: unclear | Z6: N | AB6: N | AC6: N | AD6: N | AE6: mention performance testing but no detail
A7: Viz SDH | B7: K220439 | C7: Viz.ai, Inc. | D7: QAS | E7: Radiology | F7: Unavailable | J7: 44767
A8: AI4CMR v1.0 | B8: K220624 | C8: AI4MedImaging Medical Solutions S.A. | D8: LLZ | E8: Radiology | F8: Cardiology | G8: Cardiovascular | H8: Cardiac function measurements | I8: II | J8: 44764 | K8: NA | L8: N | M8: Y | N8: N | O8: N | P8: N | Q8: N | R8: Y | S8: Unclear | T8: Unclear | U8: Y | V8: Y | W8: Y | X8: Y | Y8: unclear | Z8: N | AA8: N | AB8: Y | AC8: N | AD8: N | AE8: Some data provided for dataset training, testing and validation.
A9: Vivid E80, Vivid E90, Vivid E95 | B9: K220882 | C9: GE Medical Systems Ultrasound and | D9: IYN | E9: Radiology | J9: 44764 | K9: N | L9: N | M9: Y
A10: EchoPAC Software Only, EchoPAC Plug-in | B10: K220940 | C10: GE Medical Systems Ultrasound and Primary Care Diagnostics, | D10: QIH | E10: Radiology | J10: 44764
A11: Libby Echo:Prio | B11: K220956 | C11: Dyad Medical, Inc | D11: QIH | E11: Radiology | J11: 44762
A12: Study Watch with Irregular Pulse Monitor (Home), Study Watch with Irregular Pulse Monitor | B12: K213357 | C12: Verily Life Sciences LLC | D12: DXH | E12: Cardiovascular | J12: 44761
A13: ZEUS System (Zio Watch) | B13: K213409 | C13: iRhythm Technologies, Inc. | D13: DQK | E13: Cardiovascular | J13: 44761
A14: BrainInsight | B14: K220815 | C14: Hyperfine, Inc. | D14: QIH | E14: Radiology | J14: 44761
A15: Vivid T8, Vivid T9 | B15: K221147 | C15: GE Medical Systems Ultrasound and Primary Care Diagnostics, | D15: IYN | E15: Radiology | J15: 44760
A16: Vivid iq | B16: K221148 | C16: GE Medical Systems Ultrasound & Primary Care Diagnostics LLC | D16: IYN | E16: Radiology | J16: 44760
A17: Vivid S60N, Vivid S70N | B17: K220619 | C17: GE Medical Systems Ultrasound and Primary Care Diagnostics, | D17: IYN | E17: Radiology | J17: 44757
A18: syngo.CT Extended Functionality | B18: K221727 | C18: Siemens Medical Solutions USA, Inc. | D18: JAK | E18: Radiology | J18: 44755
A19: ProstatID | B19: K212783 | C19: ScanMed, LLC | D19: QDQ | E19: Radiology | F19: CH | J19: 44750
A20: Minuteful - kidney test | B20: K210069 | C20: Healthy.io Ltd. | D20: JIR | E20: Clinical Chemistry | F20: CH | J20: 44748
A21: Eko Murmur Analysis Software (EMAS) | B21: K213794 | C21: Eko Devices, Inc. | D21: DQD | E21: Cardiovascular | F21: CH | J21: 44741
A22: V8 Diagnostic Ultrasound System, V7 Diagnostic Ultrasound System | B22: K220975 | C22: Samsung Medison Co., Ltd. | D22: IYN | E22: Radiology | F22: CH | J22: 44741
A23: Venue Fit | B23: K220848 | C23: GE Medical Systems | D23: IYN | E23: Radiology | F23: CH | J23: 44739
A24: Venue | B24: K220851 | C24: GE Medical Systems | D24: IYN | E24: Radiology | F24: CH | J24: 44739
A25: CoLumbo | B25: K220497 | C25: Smart Soft Healthcare AD | D25: QIH | E25: Radiology | F25: CH | J25: 44735
A26: Venue Go | B26: K220800 | C26: GE Medical Systems Ultrasound and Primary Care Diagnostics | D26: IYN | E26: Radiology | F26: CH | J26: 44733
A27: IDx-DR v2.3 | B27: K213037 | C27: Digital Diagnostics Inc. | D27: PIB | E27: Ophthalmic | F27: CH | J27: 44729
A28: ART-PLAN | B28: K220813 | C28: TheraPanacea | D28: QKB | E28: Radiology | F28: CH | J28: 44729
A29: Aquilion ONE (TSX-306A/3) V10.12 with Spectral Imaging System, Vitrea Software Package, VSTP-001A | B29: K213504 | C29: Canon Medical Systems Corporation | D29: JAK | E29: Radiology | F29: CH | J29: 44728
A30: Swoop Portable MR Imaging System | B30: K221393 | C30: Hyperfine, Inc. | D30: LNH | E30: Radiology | F30: CH | J30: 44722
... A33: Voluson Expert 22, Voluson Expert 20, Voluson Expert 18 | B33: K220358 | C33: GE Medical Systems Ultrasound and Primary Care Diagnostics, | D33: IYN | E33: Radiology | F33: PP- start | J33: 44718
A34: Atrial Fibrillation History Feature | B34: K213971 | C34: Apple Inc. | D34: QDB | E34: Cardiovascular | J34: 44715
A35: BriefCase | B35: K221314 | C35: Aidoc Medical, Ltd. | D35: QAS | E35: Radiology | J35: 44715
A36: Rayvolve | B36: K220164 | C36: AZmed SAS | D36: QBS | E36: Radiology | J36: 44714
A37: eMurmur Heart AI | B37: K220766 | C37: CSD Labs GmbH | D37: DQD | E37: Cardiovascular | J37: 44712
A38: SwiftMR | B38: K220416 | C38: AIRS Medical Inc. | D38: LLZ | E38: Radiology | J38: 44706
A39: Rapid PE Triage and Notification (PETN) | B39: K220499 | C39: iSchemaView Inc. | D39: QAS | E39: Radiology | J39: 44698
A40: syngo.CT CaScoring | B40: K221219 | C40: Siemens Medical Solutions USA, Inc. | D40: JAK | E40: Radiology | J40: 44698
A41: BriefCase | B41: K221240 | C41: Aidoc Medical, Ltd. | D41: QAS | E41: Radiology | J41: 44698
A42: Achieva, Ingenia, Ingenia CX, Ingenia Elition and Ingenia Ambition MR Systems | B42: K213583 | C42: Philips Medical Systems Nederland B.V. | D42: LNH | E42: Radiology | J42: 44697
A43: Quantib Prostate | B43: K221106 | C43: Quantib BV | D43: LLZ | E43: Radiology | J43: 44694
A44: Saige-Dx | B44: K220105 | C44: DeepHealth, Inc. | D44: QDQ | E44: Radiology | J44: 44693
A45: Versana Balance | B45: K220446 | C45: GE Medical Systems Ultrasound and Primary Care Diagnostics, | D45: IYN | E45: Radiology | J45: 44692
... A64: EFAI Intelligent Cardiothoracic Ratio (iCTR) Assessment System | B64: K212624 | C64: Ever Fortune. AI Co., Ltd. | D64: QIH | E64: Radiology | J64: 44655
A65: DEEPVESSEL FFR | B65: K213657 | C65: KeyaMed NA Inc. | D65: PJA | E65: Cardiovascular | F65: PP - stop | J65: 44652
A66: Aplio a550, Aplio a450, and Aplio a, Diagnostic Ultrasound System, Software V6.5 | B66: K212960 | C66: Canon Medical Systems Corporation | D66: IYN | E66: Radiology | F66: Whole body | I66: II | J66: 44642 | K66: NA | L66: N | M66: Y | N66: N | O66: N | P66: N | Q66: N | R66: N | S66: Y | T66: Unclear | U66: N | V66: N | W66: N | X66: N | Y66: unclear | Z66: Y | AB66: N | AC66: N
A67: BriefCase | B67: K213721 | C67: Aidoc Medical, Ltd. | D67: QAS | E67: Radiology | F67: Neuroradiology | I67: II | J67: 44641 | K67: NA | L67: N | M67: Y | N67: N | O67: N | P67: N | Q67: N | R67: Y | S67: Unclear | T67: Unclear | U67: Y | V67: Y | W67: Y | X67: N | Y67: Unclear | Z67: Y | AB67: N | AC67: Y | AE67: Prospective study https://www.ncbi.nlm.nih.gov/pmc/articles/PMC9674833/
A68: Arterys MICA | B68: K203744 | C68: Arterys Inc. | D68: QIH | E68: Radiology | F68: Cardiology | I68: II | J68: 44634 | K68: NA | L68: N | M68: Y | N68: N | O68: N | P68: N | Q68: N | R68: Y | S68: Unclear | T68: Unclear | U68: N | V68: Y | W68: Y | X68: N | Y68: Unclear | Z68: N | AB68: N | AC68: N
A69: BriefCase | B69: K214043 | C69: Aidoc Medical, Ltd. | D69: QFM | E69: Radiology | F69: Respiratory (Chest XR) | I69: II | J69: 44634 | K69: NA | L69: N | M69: Y | N69: N | O69: N | P69: Y | Q69: N | R69: Y | S69: N | T69: N | U69: Y | V69: Y | W69: Y | X69: Y | Y69: Unclear | Z69: Y | AB69: N | AC69: N
A70: CardIQ Suite | B70: K213725 | C70: GE Medical Systems SCS | D70: JAK | E70: Radiology | F70: Cardiology | I70: II | J70: 44631 | K70: NA | L70: N | M70: Y | N70: N | O70: N | P70: N | Q70: N | R70: N | S70: Unclear | T70: Unclear | U70: N | V70: N | W70: N | X70: N | Y70: Unclear | Z70: N | AB70: N | AC70: N | AE70: Software documentation is for a MODERATE level of concern.
A71: ClearRead Xray Pneumothorax | B71: K213566 | C71: Riverain Technologies, Inc. | D71: QFM | E71: Radiology | F71: Respiratory (Chest XR) | I71: II | J71: 44630 | K71: NA | L71: N | M71: Y | N71: N | O71: N | P71: N | Q71: N | R71: Y | S71: N | T71: N | U71: Y | V71: Y | W71: Y | X71: N | Y71: Unclear | Z71: Y | AB71: N | AC71: N | AE71: All patients were adult, however specific age was not available due to the anonymization process. Additionally, ethnicity could not be determined as this information is not generally available for image data based on DICOM header content.
A72: Second Opinion | B72: K210365 | C72: Pearl Inc. | D72: MYN | E72: Radiology | F72: Dental | I72: II | J72: 44624
A73: BoneView | B73: K212365 | C73: Gleamer | D73: QBS | E73: Radiology | F73: Whole body | I73: II | J73: 44621 | K73: NA | L73: N | M73: Y | N73: N | O73: N | P73: N | Q73: N | R73: Y | S73: N | T73: N | U73: Y | V73: Y | W73: Y | X73: N | Y73: Unclear | Z73: Y | AB73: N | AC73: Y | AE73: Prospective study https://pubmed.ncbi.nlm.nih.gov/36676172/
A74: MAGNETOM Vida with syngo MR XA50A | B74: K213693 | C74: Siemens Medical Solutions USA, Inc. | D74: LNH | E74: Radiology | F74: Whole body | I74: II | J74: 44617 | K74: NA | L74: Y | M74: Y | N74: N | O74: N | P74: N | Q74: N | R74: N | S74: Unclear | T74: Unclear | U74: N | V74: N | W74: N | X74: NA | Y74: Unclear | Z74: N | AB74: N | AC74: N
A75: Annalise Enterprise CXR Triage Pneumothorax | B75: K213941 | C75: Annalise-AI | D75: QFM | E75: Radiology | F75: Respiratory (Chest XR) | I75: II | J75: 44616 | K75: NA | L75: N | M75: Y | N75: N | O75: Y | P75: Y | Q75: N | R75: Y | S75: N | T75: N | U75: Y | V75: Y | W75: Y | X75: Y | Y75: Unclear | Z75: Y | AB75: N | AC75: N | AE75: The ethnicity breakdown for the cohort was 7.7% Hispanic, 86.7% Not Hispanic (the remaining proportion of the cohort was either unavailable or declined to declare). The race breakdown for the cohort was 0.3% Two or more races, 3.3% Asian, 4.8% Other, 5.5% African American, 83% White (the remaining proportion of the cohort was either unavailable or declined to declare).
A76: Viz ANEURYSM, Viz ANX | B76: K213319 | C76: Viz.ai, Inc. | D76: QFM | E76: Radiology | F76: Neuroradiology | I76: II | J76: 44610 | K76: NA | L76: N | M76: Y | N76: N | O76: N | P76: N | Q76: N | R76: Y | S76: Unclear | T76: Unclear | U76: Y | V76: Y | W76: Y | X76: Y | Y76: unclear | Z76: Y | AB76: N | AC76: N
A77: Deep Learning Image Reconstruction | B77: K213999 | C77: GE Medical Systems | D77: JAK | E77: Radiology | F77: Whole body | I77: II | J77: 44610 | K77: NA | L77: N | M77: Y | N77: N | O77: N | P77: N | Q77: N | R77: N | S77: Unclear | T77: Unclear | U77: N | V77: Y | W77: Y | X77: N | Y77: unclear | Z77: N | AB77: Y | AC77: N
A78: Rapid | B78: K213165 | C78: iSchema View Inc. | D78: LLZ | E78: Radiology | F78: Whole body | I78: II | J78: 44600 | K78: NA | L78: N | M78: Y | N78: N | O78: N | P78: N | Q78: N | R78: Y | S78: Unclear | T78: Unclear | U78: Y | V78: Y | W78: Y | X78: N | Y78: unclear | Z78: Y | AB78: N | AC78: N
A79: Micro C Medical Imaging System, M01 | B79: K212654 | C79: OXOS Medical, Inc. | D79: IZL | E79: Radiology | F79: Whole body | I79: II | J79: 44596 | K79: NA | L79: N | M79: Y | N79: N | O79: N | P79: N | Q79: N | R79: N | S79: Y | T79: Unclear | U79: N | V79: Y | W79: N | X79: N | Y79: unclear | Z79: Y | AB79: N | AC79: N
A80: Revolution Ascend | B80: K213938 | C80: GE Healthcare Japan Corporation | D80: JAK | E80: Radiology | F80: Whole body | I80: II | J80: 44596 | K80: NA | L80: N | M80: Y | N80: N | O80: N | P80: N | Q80: N | R80: N | S80: Y | T80: Unclear | U80: N | V80: N | W80: N | X80: N | Y80: Unclear | Z80: N | AB80: N | AC80: N
A81: Contour ProtegeAI | B81: K213976 | C81: MIM Software Inc. | D81: QKB | E81: Radiology | F81: Whole body | I81: II | J81: 44595 | K81: NA | L81: N | M81: Y | N81: N | O81: N | P81: N | Q81: N | R81: Y | S81: Unclear | T81: N | U81: Y | V81: Y | W81: Y | X81: Y | Y81: unclear | Z81: N | AB81: Y | AC81: N
A82: syngo.CT Brain Hemorrhage | B82: K203260 | C82: Siemens Medical Solutions USA, Inc. | D82: QAS | E82: Radiology | F82: Neuroradiology | I82: II | J82: 44589 | K82: NA | L82: N | M82: Y | N82: N | O82: N | P82: N | Q82: N | R82: Y | S82: Unclear | T82: Unclear | U82: Y | V82: Y | W82: Y | X82: Y | Y82: unclear | Z82: Y | AB82: N | AC82: N
A83: Aplio i900/i800/i700 Diagnostic Ultrasound System, Software V6.5 | B83: K212333 | C83: Canon Medical Systems Corporation | D83: IYN | E83: Radiology | F83: Whole body | I83: II | J83: 44585 | K83: NA | L83: N | M83: Y | N83: N | O83: N | P83: N | Q83: N | R83: N | S83: Y | T83: Unclear | U83: N | V83: N | W83: N | X83: N | Y83: unclear | Z83: Y | AB83: N | AC83: N
A84: syngo.CT Extended Functionality | B84: K214019 | C84: Siemens Medical Solutions USA, Inc. | D84: JAK | E84: Radiology | F84: Whole body | I84: II | J84: 44581 | K84: NA | L84: N | M84: Y | N84: N | O84: N | P84: N | Q84: N | R84: N | S84: Unclear | T84: Unclear | U84: N | V84: N | W84: N | X84: N | Y84: unclear | Z84: N | AB84: N | AC84: N
A85: Caption Interpretation Automated Ejection Fraction Software | B85: K210747 | C85: Caption Health | D85: QIH | E85: Radiology | F85: Cardiac scanning | I85: II | J85: 44580 | K85: NA | L85: N | M85: Y | N85: N | O85: N | P85: N | Q85: N | R85: Y | S85: N | T85: Unclear | U85: Y | V85: Y | W85: Y | X85: N | Y85: unclear | Z85: Y | AB85: Y | AC85: N
A86: Follicle Clarity | B86: K212012 | C86: Cycle Clarity | D86: QIH | E86: Radiology | F86: Gynaecology | I86: II | J86: 44580 | K86: NA | L86: N | M86: Y | N86: N | O86: N | P86: N | Q86: N | R86: N | S86: Unclear | T86: Unclear | U86: N | V86: N | W86: N | X86: N | Y86: unclear | Z86: Y | AB86: N | AC86: Y
A87: Precise Image | B87: K210760 | C87: Philips Medical Systems Nederland, B.V. | D87: JAK | E87: Radiology | F87: Whole body | I87: II | J87: 44575 | K87: NA | L87: N | M87: Y | N87: N | O87: N | P87: N | Q87: N | R87: Y | S87: Unclear | T87: Unclear | U87: N | V87: N | W87: Y | X87: N | Y87: unclear | Z87: N | AB87: N | AC87: N
A88: Quantib ND | B88: K213737 | C88: Quantib B.V. | D88: LLZ | E88: Radiology | F88: Neuroradiology | I88: II | J88: 44575 | K88: NA | L88: N | M88: Y | N88: N | O88: N | P88: N | Q88: N | R88: Y | S88: Unclear | T88: Unclear | U88: Y | V88: Y | W88: Y | X88: N | Y88: unclear | Z88: Y | AB88: N | AC88: N
A89: Eclipse II with Smart Noise Cancellation | B89: K213307 | C89: Carestream Health Inc. | D89: MQB | E89: Radiology | J89: 44575
A90: UNiD Spine Analyzer | B90: K212005 | C90: MEDICREA International, Inc. | D90: LLZ | E90: Radiology | J90: 44573
A91: AIBOLIT 3D+ | B91: K211443 | C91: AIbolit Technologies, LLC | D91: LLZ | E91: Radiology | J91: 44568
A92: TOMTEC-ARENA | B92: K213544 | C92: TOMTEC Imaging Systems GmbH | D92: QIH | E92: Radiology | J92: 44567
A93: LiverSmart | B93: K213776 | C93: Resonance Health Analysis Services Pty Ltd | D93: PCS | E93: Radiology | J93: 44559
A94: BoneMRI | B94: K202404 | C94: MRIguidance B.V | D94: QIH | E94: Radiology | J94: 44552
A95: BU-CAD | B95: K210670 | C95: TaiHao Medical Inc. | D95: QDQ | E95: Radiology | J95: 44551
A96: qXR-BT | B96: K212690 | C96: Qure.ai Technologies | D96: QIH | E96: Radiology | J96: 44551
A97: EchoGo Core (2.0) | B97: K213275 | C97: Ultromics Limited | D97: QIH | E97: Radiology | J97: 44550
A98: Koios DS | B98: K212616 | C98: Koios Medical, Inc. | D98: POK | E98: Radiology | J98: 44546
A99: VBrain | B99: K213628 | C99: Vysioneer Inc. | D99: QKB | E99: Radiology | J99: 44546
A100: HealthPPT | B100: K211803 | C100: Zebra Medical Vision Ltd. | D100: QFM | E100: Radiology | J100: 44545
... A130: HERA W9, HERA W10 Diagnostic Ultrasound System | B130: K211824 | C130: Samsung Medison Co., Ltd. | D130: IYN | E130: Radiology | J130: 44448
A131: AmCAD-UT | B131: K203555 | C131: AmCad BioMed Corporation | D131: QIH | E131: Radiology | F131: KH - stop | J131: 44447
A132: EPIQ Series Diagnostic Ultrasound System, Affiniti Series Diagnostic Ultrasound System | B132: K211597 | C132: Philips Medical Systems | D132: IYN | E132: Radiology | F132: HA - start | J132: 44447
A133: V8 Diagnostic Ultrasound System | B133: K211945 | C133: Samsung Medison CO., LTD. | D133: IYN | E133: Radiology | J133: 44447
A134: Feops HEARTguide | B134: DEN200030 | C134: Feops NV | D134: QQI | E134: Cardiovascular | J134: 44447
A135: AI Segmentation Varian | B135: K211881 | C135: Medical Systems, Inc. | D135: MUJ | E135: Radiology | J135: 44441
A136: Auto Lung Nodule Detection | B136: K201560 | C136: Samsung Electronics Co.,Ltd. | D136: MYN | E136: Radiology | J136: 44439
A137: EndoNaut | B137: K212383 | C137: Therenva SAS | D137: OWB | E137: Radiology | J137: 44439
A138: RBknee | B138: K203696 | C138: Radiobotics ApS | D138: LLZ | E138: Radiology | J138: 44435
A139: Discovery MI Gen2 | B139: K211846 | C139: GE Medical Systems, LLC. | D139: KPS | E139: Radiology | J139: 44428
A140: TruSPECT Radiological Image Processing Station | B140: K212230 | C140: Spectrum Dynamics Medical Ltd | D140: LLZ | E140: Radiology | J140: 44424
A141: InferRead CT Stroke.AI | B141: K211179 | C141: Infervision Medical Technology Co., Ltd. | D141: QAS | E141: Radiology | J141: 44420
A142: uCT ATLAS with uWS-CT-Dual Energy Analysis | B142: K203448 | C142: Shanghai United Imaging Healthcare Co., Ltd. | D142: JAK | E142: Radiology | J142: 44419
A143: Vereos PET/CT | B143: K211764 | C143: Philips Medical Systems Nederland B.V. | D143: KPS | E143: Radiology | J143: 44414
A144: Kosmos | B144: K212100 | C144: EchoNous, Inc. | D144: IYN | E144: Radiology | J144: 44414
... A196: Synapse 3D, Synapse 3D Base Tools v6.1 | B196: K203103 | C196: Fujifilm Corporation | D196: LLZ | E196: Radiology | J196: 44236
A197: LVivo Software Application | B197: K210053 | C197: DiA Imaging Analysis Ltd. | D197: QIH | E197: Radiology | F197: HA - stop | J197: 44232
A198: QUIBIM Precision Prostate (qp-Prostate) | B198: K203582 | C198: QUIBIM S.L. | D198: LLZ | E198: Radiology | F198: FA - start | J198: 44231
A199: Visage Breast Density | B199: K201411 | C199: Visage Imaging GmbH | D199: QIH | E199: Radiology | F199: Breast | G199: Reproductive | H199: N/A | I199: II | J199: 44225 | K199: NA | L199: N | M199: Y | N199: N | O199: N | P199: N | Q199: N | R199: Y | S199: Unclear | T199: Y | U199: Unclear | V199: Y | W199: N | X199: Y (2) | Y199: Unclear | Z199: Y | AA199: Radiologist, Physician | AB199: Y | AC199: N | AD199: N
A200: UAI Easytriage-Rib | B200: K193271 | C200: Shanghai United Imaging Intelligence Co., Ltd. | D200: QFM | E200: Radiology | F200: Thorax | G200: Skeletal | H200: Rib fracture | I200: II | J200: 44211 | K200: NA | L200: N | M200: Y | N200: N | O200: N | P200: N | Q200: N | R200: Y | S200: Unclear | T200: Y | U200: Y | V200: Y | W200: 200 | X200: Y (Multiple) | Y200: Favorable | Z200: Y | AA200: Radiologist | AB200: Y | AC200: N | AD200: N
...
